Workbook

Sheet Matriz legal finca
A2: RAINFOREST ALLIANCE APPLICABLE LAW ASSESSMENT RA 2020 STANDARD V1.3
G3: For RA use only
A4: Certification body: | B4: KIWA CYD
A5: Country: | B5: Guatemala
A6: Date submitted: | B6: 45352
A7: Contact person: | B7: EDUARDO AGUILERA
A9: Instructions
A10: The Certification Body (CB) should list applicable local laws for all core requirement of the RA 2020 Standard according to the geographic scope requested (the format should include individual legislations for each country). The following is a brief explanation of how to complete the template:
A11: Topic: Include the topic covered in the requirement, for example: Natural Ecosystems, Agrochemicals, etc.
A12: Related standard requirement number: Include the number of the specific related requirement, for example: No. 4.5.1
A13: National Legislation Reference:
A14: Legislation name: Include the name of the national legislation related to the criterion, for example: Labor Code, Decree No. 1441.
A15: ILO convention name (if applicable): If there is an applicable ILO convention, indicate the name of that convention and its respective number. e.g. "ILO Convention, Freedom of Association and Protection of the Right to Organise Convention, 1948 (No. 87)" If there are any sector wide agreements or CBAs that might be relevant, feel free to indicate those as well.
A16: Title: Include the title within the national legislation that refers to the criterion to be evaluated, for example: Contracts and collective bargaining.
A17: Articles to be reviewed: Indicate the # or #s of the articles to be reviewed, with respect to the criterion compliance, for example: Articles 57 to 60.
A18: If RA standard goes beyond the national legislation, please indicate on which areas: please perform an analysis of the applicable legislation and where the RA Standard might go beyond the legislation.
A21: Applicable Law Assessment - Guatemala
A22: Related Topic of the SAS 2020 V1.3 | B22: Related Requirements of the Topic | C22: Description | D22: Law Name | E22: Link | F22: Articles to review | G22: Explanation on how to interpret the requirement in light of the applicable law. | H22: CBA if applicable | I22: ILO convention name (if applicable) | J22: If RA standard goes beyond the national legislation, please indicate on which areas
A23: Capítulo I: Gestión
A24: Gestión | B24: 1.1.1 | C24: La administración del grupo demuestra compromiso hacia la agricultura sostenible, a través de destinar los recursos y el personal adecuados para la aplicación del Estándar para la Agricultura Sostenible de Rainforest Alliance. Al menos cada tres años, la administración del grupo evalúa su capacidad, utilizando la Herramienta de Evaluación de la Capacidad de Administración (Anexo S02). La gerencia obtiene un mínimo de un punto por tema, en la herramienta en el primer año de certificación y demuestra una mejora continua con evaluaciones adicionales. Indicador: • Puntuaciones para cada uno de los temas de la Herramienta de Evaluación de la Capacidad de Gestión Por favor consulte el Anexo S02 SA-G-SD-3 Herramienta de Evaluación de la Capacidad de Gestión Por favor consulte el Documento Guía A SA-G-SD-2 Cómo emplear la Herramienta de Evaluación de la Capacidad de Gestión. | D24: N/A | E24: N/A | F24: N/A | G24: N/A | H24: N/A | I24: N/A | J24: N/A
A25: Gestión | B25: 1.1.2 | C25: La administración del grupo mejora sus capacidades de gestión, e incluye acciones en el Plan de Manejo. Indicador: • Puntuaciones en cada uno de los temas de la Herramienta de Evaluación de la Capacidad de Gestión Por favor consulte onsulte el Documento Guía B SA-G-SD-3 Plantilla del Plan de manejo | D25: N/A | E25: N/A | F25: N/A | G25: N/A | H25: N/A | I25: N/A | J25: N/A
A26: Gestión | B26: 1.1.5 | C26: La gerencia, designa al menos un representante de la gerencia responsable de los siguientes asuntos y forma comité(s) de personas responsables. Un comité puede cubrir más de un asunto: • Mecanismo de quejas (ver 1.5) • Igualdad de género (ver 1.6) • Evaluar y abordar, trabajo infantil, trabajo forzoso, discriminación, violencia y acoso en el trabajo (ver 5.1) El (Los) comité(s): • - Conocen de los problemas y tienen poder de decisión. • Incluir personas responsables que representen a los miembros del grupo de fincas pequeñas, o trabajadores en fincas grandes/operaciones de cadena de suministro, seleccionados por miembros/trabajadores. • Son imparciales, accesibles, sensibles al género y confiables para los miembros/trabajadores del grupo y los grupos vulnerables. • El comité que maneja asuntos de igualdad de género, incluye por lo menos a una mujer. En grupos de fincas pequeñas: puede haber una persona responsable en lugar de (un) comité(s), para género y evaluar y abordar. | D26: Codigo de Trabajo | E26: https://faolex.fao.org/docs/pdf/gua205813.pdf | F26: 60 | G26: El reglamento interior de Trabajo debe comprender (..) f) La designación de las personas del establecimiento ante quienes deben presentarse las peticiones de mejoramiento o reclamos en general y la manera de formular unas y otros. | H26: N/A | I26: N/A | J26: N/A
A27: Administración | B27: 1.2.1 | C27: "La gerencia cumple con la legislación aplicable y los Acuerdos de Negociación Colectiva (ANC) dentro del alcance del Estándar de Agricultura Sostenible de Rainforest Alliance. Si una ley o un ANC aplicable es más estricta(o) que un requisito del estándar, dicha ley o ANC prevalecerá, salvo que la legislación se vuelva obsoleta. En caso de que una ley o un ANC aplicable sea menos estricto que un requisito contenido en el estándar, el requisito del estándar prevalecerá salvo que el requisito permita de manera explícita, que se aplique dicha ley o ANC." | D27: N/A | E27: N/A | F27: N/A | G27: N/A | H27: N/A | I27: N/A | J27: N/A
A28: Administración | B28: 1.2.2 | C28: Hay una lista de los actuales proveedores de servicios, proveedores, intermediarios y subcontratistas. Existen mecanismos para garantizar que cumplan con los requisitos aplicables del Estándar para el trabajo dentro del alcance de la certificación. Para fincas - Esto es válido para el trabajo en campo, el trabajo en procesamiento, y la provisión de mano de obra. - «Proveedores» se refiere únicamente a otras fincas de las que adquieren producto certificado. Por favor consulte el documento de Guía U: Aplicabilidad para los proveedores de servicios | D28: Ley de protección al consumidor y usuario, Decreto Número 06-2003 | E28: https://www.wipo.int/edocs/lexdocs/laws/es/gt/gt033es.pdf | F28: Del 14 al 17 | G28: Sin perjuicio de las contenidas en otras leyes, son obligaciones de los proveedores: a) Cumplir las disposiciones legales que le sean aplicables tanto nacionales como internacionales, derivadas de los convenios o tratados internacionales de los que Guatemala sea parte. b) Respetar la vida, la salud y la seguridad del consumidor o usuario, al proveerle bienes o prestarle servicios. c) Proporcionar la información básica sobre los bienes y servicios que provee. | H28: N/A | I28: N/A | J28: N/A
A29: Administración | B29: 1.2.4 | C29: Se mantiene un registro actualizado de los miembros del grupo que contiene, para cada miembro del grupo, la información necesaria de acuerdo con la plantilla de registro de grupos disponible en la plataforma de certificación Rainforest Alliance. Por favor consulte el Anexo S13, SA-S-SD-14: Registro de los Miembros del Grupo | D29: N/A | E29: N/A | F29: N/A | G29: N/A | H29: N/A | I29: N/A | J29: N/A
A30: Administración | B30: 1.2.5 | C30: Se mantiene una lista actualizada de los trabajadores permanentes y temporales, que contiene para cada trabajador: • Nombre completo • Género • Año de nacimiento • Fechas de inicio y finalización del empleo • Salarios En el caso de trabajadores a los que se proporciona vivienda, el registro además contiene: • La dirección de la vivienda • Número de miembros en la familia • Año de nacimiento de los miembros de la familia En el caso de menores que realicen trabajo liviano (12 a 14 años) y de los trabajadores jóvenes (15 a 17 años), el registro además contiene: • La dirección de la vivienda • Nombre y dirección del (los) padre(s) o del (los) custodio(s) legal(es) • Inscripción escolar (si aplica) • Tipo de trabajo o tareas • El número de horas de trabajo por día y por semana Nota sobre la aplicabilidad: para la certificación de la cadena de suministro, este requisito solo es aplicable a los titulares de certificado que presentan alto riesgo en temas sociales, y por consiguiente, deben cumplir los requisitos del Capítulo 5. Social. | D30: Codigo de Trabajo | E30: https://faolex.fao.org/docs/pdf/gua205813.pdf | F30: 61, 145 | G30: Son obligaciones de los empleadores: Enviar dentro del improrrogable plazo de los dos primeros meses de cada año a la dependencia administrativa correspondiente del Ministerio de Trabajo y Previsión Social, directamente o por medio de las autoridades de trabajo del lugar donde se encuentra la respectiva empresa, un informe impreso que por lo menos debe contener estos datos: 2) Nombres y apellidos de sus trabajadores con expresión de la edad aproximada, nacionalidad, sexo, ocupación, número de días que haya trabajado cada uno y el salario que individualmente les haya correspondido durante dicho año. Los trabajadores agrícolas tienen derecho a habitaciones que reúnan las condiciones higiénicas que fijen los reglamentos de salubridad. Esta disposición debe ser impuesta por el Ministerio de Trabajo y Previsión Social en forma gradual a los patronos que se encuentren en posibilidad económica de cumplir dicha obligación. | H30: N/A | I30: N/A | J30: N/A
A31: Administración | B31: 1.2.6 | C31: En el caso de trabajadores permanentes, se mantienen registros actualizados que contienen, para cada trabajador: • Nombre completo • Género • Año de nacimiento • Salario Los miembros analfabetos del grupo, pueden proporcionar esta información de manera oral. | D31: Codigo de Trabajo | E31: https://faolex.fao.org/docs/pdf/gua205813.pdf | F31: 61 | G31: Son obligaciones de los empleadores: Enviar dentro del improrrogable plazo de los dos primeros meses de cada año a la dependencia administrativa correspondiente del Ministerio de Trabajo y Previsión Social, directamente o por medio de las autoridades de trabajo del lugar donde se encuentra la respectiva empresa, un informe impreso que por lo menos debe contener estos datos: 2) Nombres y apellidos de sus trabajadores con expresión de la edad aproximada, nacionalidad, sexo, ocupación, número de días que haya trabajado cada uno y el salario que individualmente les haya correspondido durante dicho año. | H31: N/A | I31: N/A | J31: N/A
A32: Administración | B32: 1.2.7 | C32: La gerencia asegura que donde sea que el Estándar de Agricultura Sostenible de Rainforest Alliance exija que se informe de los trabajadores o miembros del grupo, la información se proporciona en el (los) idioma(s) de los trabajadores o miembros del grupo. | D32: N/A | E32: N/A | F32: N/A | G32: N/A | H32: N/A | I32: N/A | J32: N/A
A33: Administración | B33: 1.2.8 | C33: Existe un convenio firmado (o con una marca empleada como firma o una huella dactilar) entre el grupo y cada miembro del grupo, que especifica los derechos y obligaciones de cada parte, incluyendo por lo menos: • La obligación del miembro del grupo de cumplir con el Estándar de Agricultura Sostenible de Rainforest Alliance • La obligación del miembro del grupo de aceptar tanto las inspecciones internas como las auditorías externas y las sanciones • La garantía por el miembro del grupo de que cualquier producto vendido como certificado viene únicamente de su finca • El derecho del miembro del grupo de apelar las decisiones tomadas por la administración del grupo, por medio del uso del procedimiento de quejas. • El convenio del miembro del grupo de compartir los datos de la finca de dicho miembro (como datos geográficos, volúmenes, área, etc.) con la administración del grupo y Rainforest Alliance para su uso, publicación y uso compartido dentro de la cadena de suministro como se describe en los términos y condiciones generales de Rainforest Alliance y su Política de Privacidad. Cada miembro del grupo entiende el convenio. Los convenios se archivan en la oficina central y hay una copia disponible para cada miembro del grupo. | D33: N/A | E33: N/A | F33: N/A | G33: N/A | H33: N/A | I33: N/A | J33: N/A
A34: Administración | B34: 1.2.9 | C34: Para propósitos de certificación y cumplimiento, los registros se conservan durante por lo menos cuatro años. | D34: N/A | E34: N/A | F34: N/A | G34: N/A | H34: N/A | I34: N/A | J34: N/A
A35: Administración | B35: 1.2.10 | C35: Se encuentra disponible un mapa actualizado de la finca (fincas grandes) o del área de la finca (grupo de fincas pequeñas), que incluye: • Fincas/unidades de fincas/zonas de producción • Instalaciones de procesamiento • Áreas de presencia humana • Escuelas • Centros médicos /instalaciones de primeros auxilios • Ecosistemas naturales, incluidos cuerpos de agua y bosques, y otra vegetación natural existente • Zonas de amortiguamiento ribereño • Sistemas agroforestales • Áreas protegidas El mapa también incluye áreas de riesgo identificadas en la Evaluación de Riesgos (ver 1.3.1). La fecha de la actualización más reciente se muestra en el mapa. Por favor consulte el Documento Guía C SA-G-SD-4 Cómo crear un mapa de finca. | D35: Ley del Registro de Información Catastral Decreto Número 41-2005 | E35: https://faolex.fao.org/docs/pdf/gua54615.pdf | F35: 25 | G35: El archivo básico del Registro de Información Catastral se integra con los siguientes elementos: a) Diagnóstico de propiedad; b) Fichas de recopilación de información de campo y de registro; c) Material cartográfico y fotográfico con información catastral; d) Actas de verificación de mojones y linderos; e) Planos topográficos autorizados por profesionales o técnicos competentes; | H35: N/A | I35: N/A | J35: N/A
A36: Administración | B36: 1.2.11 | C36: Se cuenta con un bosquejo de la finca, que incluye: • El área de producción del cultivo certificado • Bosques • Cuerpos de agua • Edificaciones | D36: N/A | E36: N/A | F36: N/A | G36: N/A | H36: N/A | I36: N/A | J36: N/A
A37: Administración | B37: 1.2.12 | C37: Para el 100% de las fincas, están disponibles los datos de geolocalización de la unidad de la finca más grande con el cultivo certificado. Por lo menos para el 10% de las fincas, se presenta en forma de polígono GPS. En el caso de todas las demás fincas, se puede presentar en forma de un punto de localización. Por favor consulte el SA-S-SD-19: Anexo del Capítulo 1 Gestión Por favor consulte el Documento Guía D SA-G-SD-5: Requisitos de Datos de Geolocalización y Mapas de Riesgo | D37: Ley del Registro de Información Catastral Decreto Número 41-2005 | E37: https://faolex.fao.org/docs/pdf/gua54615.pdf | F37: 25 | G37: El archivo básico del Registro de Información Catastral se integra con los siguientes elementos: a) Diagnóstico de propiedad; b) Fichas de recopilación de información de campo y de registro; c) Material cartográfico y fotográfico con información catastral; d) Actas de verificación de mojones y linderos; e) Planos topográficos autorizados por profesionales o técnicos competentes; | H37: N/A | I37: N/A | J37: N/A
A38: Administración | B38: 1.2.13 | C38: Está disponible el polígono de la finca. Si la finca tiene múltiples unidades de finca, se proporciona un polígono para cada unidad de la finca. Por favor consulte el Anexo del Capítulo 1 SA-S-SD-19: Gestión Por favor consulte el Documento Guía D SA-G-SD-5: Requisitos de datos de geolocalización y mapas de riesgo | D38: Ley del Registro de Información Catastral Decreto Número 41-2005 | E38: https://faolex.fao.org/docs/pdf/gua54615.pdf | F38: 25 | G38: El archivo básico del Registro de Información Catastral se integra con los siguientes elementos: a) Diagnóstico de propiedad; b) Fichas de recopilación de información de campo y de registro; c) Material cartográfico y fotográfico con información catastral; d) Actas de verificación de mojones y linderos; e) Planos topográficos autorizados por profesionales o técnicos competentes; | H38: N/A | I38: N/A | J38: N/A
A39: Administración | B39: 1.2.14 | C39: Se tienen disponibles los datos de geolocalización para el 100% de las unidades de finca. Por lo menos el 30% se presentan en forma de polígonos. Debe mostrarse el avance anual de los indicadores, correspondientes al objetivo que se debe alcanzar al final del tercer año. Indicador: • % de unidades de finca con datos de geolocalización • % de unidades de finca con polígonos | D39: N/A | E39: N/A | F39: N/A | G39: N/A | H39: N/A | I39: N/A | J39: N/A
A40: Administración | B40: 1.2.15 | C40: Se cuenta con polígonos para el 100% de las unidades de finca. Debe mostrarse avance anual en los indicadores, correspondientes con el objetivo a alcanzar al final del sexto año. Indicador: • % de unidades de finca con datos de geolocalización • % de unidades de finca con polígonos | D40: N/A | E40: N/A | F40: N/A | G40: N/A | H40: N/A | I40: N/A | J40: N/A
A41: Evaluación de los Riegos y Plan de Manejo | B41: 1.3.1 | C41: La gerencia lleva a cabo por lo menos cada tres años, una evaluación de riesgos en relación con los requisitos de este Estándar, utilizando la Herramienta de Evaluación de Riesgos. Si es necesario, se puede revisar y actualizar la evaluación de riesgos anualmente. Las medidas de mitigación de los riesgos se incluyen en el Plan de Manejo. Por favor consulte el Anexo S03 SA-S-SD-4: Herramienta de Evaluación de Riesgos | D41: N/A | E41: N/A | F41: N/A | G41: N/A | H41: N/A | I41: N/A | J41: N/A
A42: Evaluación de los Riegos y Plan de Manejo | B42: 1.3.2 | C42: La gerencia desarrolla un plan de manejo que incluye las metas y acciones basadas en la Evaluación de Riesgos (1.3.1) y la Auto-evaluación (1.4.2) Para el caso de grupos, el plan de manejo además se basa en la Herramienta de Evaluación de la Capacidad de Manejo (1.1.1) y en la inspección interna (1.4.1). La gerencia, informa sobre la implementación del plan de manejo anualmente. El plan de manejo se actualiza anualmente. Por favor consulte el Documento Guía B: Plantilla del Plan de manejo | D42: N/A | E42: N/A | F42: N/A | G42: N/A | H42: N/A | I42: N/A | J42: N/A
A43: Evaluación de los Riegos y Plan de Manejo | B43: 1.3.3 | C43: La administración proporciona a los miembros del grupo los servicios basados en el Plan de manejo. Los servicios pueden incluir capacitación, asistencia técnica, apoyo en la documentación de registros, acceso a insumos (por ej. plántulas), actividades de sensibilización, etc. La administración documenta los servicios proporcionados. Indicadores: • # de actividades de capacitación proporcionadas a los miembros • Temas de las actividades de capacitación • # y % de los miembros que asisten a las actividades de capacitación (H/M) • # y tipo de servicios (aparte de la capacitación) proporcionados a los miembros | D43: N/A | E43: N/A | F43: N/A | G43: N/A | H43: N/A | I43: N/A | J43: N/A
A44: Evaluación de los Riegos y Plan de Manejo | B44: 1.3.4 | C44: La gerencia proporciona a los trabajadores, servicios basados en el plan de manejo. Los servicios pueden incluir capacitación, actividades para crear conciencia, etc. La gerencia documenta los servicios proporcionados. Indicador: • # de actividades de capacitación proporcionadas a los trabajadores • Temas de las actividades de capacitación • # y % de trabajadores que asisten a las actividades de capacitación (H/M) • # y tipo de servicios (aparte de la capacitación) proporcionados a los trabajadores | D44: N/A | E44: N/A | F44: N/A | G44: N/A | H44: N/A | I44: N/A | J44: N/A
A45: Evaluación de los Riegos y Plan de Manejo | B45: 1.3.5 | C45: Con base en los resultados de la Evaluación de Riesgos (ver 1.3.1), la gerencia, realiza la Evaluación de Riesgo a profundidad sobre cambio climático, a fin de evaluar en mayor detalle, la Evaluación de Riesgos de las amenazas climáticas y las medidas de mitigación correspondientes adaptadas al contexto regional. Por favor consulte el Anexo S03 SA-S-SD-4: Herramienta de Evaluación de Riesgos | D45: Decreto Nº 7-2013: Ley marco para regular la reducción de la vulnerabilidad, la adaptación obligatoria ante los efectos del cambio climático y la mitigación de gases de efecto invernadero. | E45: https://faolex.fao.org/docs/pdf/gua140260.pdf | F45: 13 al 17 | G45: El Ministerio de Agricultura, Ganaderia y Alimentación, -MAGA-, así como la secretaria de Seguridad AUmentaría y Nutricional -SESAN- establecerán planes para que el sector agropecuario guatemalteco se adapte a la variabilidad y los efectos del cambio climático tomando en cuenta los escenarios y efectos del cambio climático. | H45: N/A | I45: N/A | J45: N/A
A46: Evaluación de los Riegos y Plan de Manejo | B46: 1.3.6 | C46: La administración apoya a los miembros del grupo con • Capacitación en finanzas, gestión del negocio y comprensión de los costos de producción y el ingreso neto • Facilitarles acceso a servicios financieros (por ej. cuenta bancaria, pago móvil, préstamos para inversiones en la finca) Indicador: • # de miembros del grupo (H/M) que tienen un plan de negocio para sus fincas | D46: N/A | E46: N/A | F46: N/A | G46: N/A | H46: N/A | I46: N/A | J46: N/A
A47: Evaluación de los Riegos y Plan de Manejo | B47: 1.3.7 | C47: La administración apoya a los miembros del grupo: • Para tomar decisiones informadas sobre estrategias de diversificación de ingresos • Facilitar el acceso al conocimiento, insumos, servicios y mercados, necesarios para facilitar la implementación de estrategias de diversificación de ingresos • Ampliar el apoyo a los hogares y/o la comunidad Indicadores: • # y género de los miembros del grupo que diversifican sus ingresos a través de al menos uno de los siguientes: • Otra actividad generadora de ingresos (especificada por tipo) • Actualización del producto (por ej. con el proceso húmedo) | D47: N/A | E47: N/A | F47: N/A | G47: N/A | H47: N/A | I47: N/A | J47: N/A
A48: Inspección Interna y Autoevaluación | B48: 1.4.1 | C48: La gerencia cuenta con un sistema de inspección interno para evaluar anualmente el cumplimiento de todos los actores dentro del alcance de la certificación. El sistema incluye: • Para fincas: fincas de miembros de un grupo, sitios de procesamiento y/o almacenamiento y cualquier otro actor (incluidos subcontratistas, intermediarios, proveedores de servicios) • Para cadena de suministro: sitios y subcontratistas Se realiza una inspección interna de todos los actores antes de cada auditoría externa: • En el primer año de la certificación, la inspección interna cubre todos los requisitos aplicables del Estándar. • En años consecutivos, la inspección interna se basa en la Evaluación de Riesgos (para las fincas, consulte 1.3.1), la inspección interna del año anterior y los resultados de la auditoría externa anterior. Solo para el alcance de la finca: existe un sistema de rotación para que cada unidad de la finca sea inspeccionada al menos cada tres años. En el caso de unidades de finca remotas, esto se hace por lo menos cada 6 años. | D48: N/A | E48: N/A | F48: N/A | G48: N/A | H48: N/A | I48: N/A | J48: N/A
A49: Inspección Interna y Autoevaluación | B49: 1.4.2 | C49: La gerencia lleva a cabo una auto-evaluación anual para evaluar su propio cumplimiento, y el de todos los actores de su alcance de la certificación, con todos los requisitos correspondientes del Estándar. La gerencia utiliza los resultados de las inspecciones internas como se establece en 1.4.1. para completar la auto evaluación. | D49: N/A | E49: N/A | F49: N/A | G49: N/A | H49: N/A | I49: N/A | J49: N/A
A50: Inspección Interna y Autoevaluación | B50: 1.4.3 | C50: Está establecido un sistema de aprobación y sanción en relación con el cumplimiento por los miembros del grupo (en el caso de fincas) y/o por los sitios, del Estándar para la Agricultura Sostenible de Rainforest Alliance. El sistema incluye: • Un procedimiento escrito de aprobación y sanción • Un responsable o comité de aprobación y sanción • Un mecanismo para dar seguimiento a las mejoras y a las medidas correctivas de los miembros de un grupo/sitio • Una decisión sobre el estado de la certificación de cada miembro de un grupo/sitio que se firma y documenta y se incluye en el informe final de inspección interna. | D50: N/A | E50: N/A | F50: N/A | G50: N/A | H50: N/A | I50: N/A | J50: N/A
... A53: Inspección Interna y Autoevaluación | B53: 1.4.6 N2 | C53: Los datos de la inspección interna se reúnen a través de un dispositivo (por ej. teléfono, tableta, etc.) y se emplean en formato digital por lo menos para el 90% de los miembros del grupo. Indicador: • % de los miembros del grupo cuyos datos de inspección interna son reunidos y empleados por la administración del grupo en formato digital. | D53: N/A | E53: N/A | F53: N/A | G53: N/A | H53: N/A | I53: N/A | J53: N/A
A54: Mecanismos de Quejas | B54: 1.5.1 | C54: Existe un mecanismo de quejas que permite a las personas, los trabajadores, las comunidades y/o la sociedad civil, incluidos denunciantes, presentar quejas relacionadas con las actividades comerciales del titular del certificado. Las quejas se pueden referir a cualquier parte del Estándar, incluidos aspectos técnicos, sociales o económicos. El mecanismo de quejas puede ser proporcionado por el titular del certificado o por un tercero. El mecanismo de quejas debe incluir por lo menos los siguientes elementos: • Comité de Quejas (consulte 1.1.5) • El mecanismo de quejas permite presentar quejas en cualquier idioma y es accesible a personas que no saben leer o no tienen acceso a Internet. • Se aceptan quejas anónimas y se respeta la confidencialidad • Las quejas en materia de derechos humanos y laborales se remedian de conformidad con el Protocolo de Remediación. • Las quejas y las acciones de seguimiento acordadas, se documentan y comparten con las personas involucradas en un plazo de tiempo razonable. • A las personas que presentan quejas, se les protege del despido/cancelación de su membresía, de represalias, o de amenazas como consecuencia del uso del mecanismo de quejas. Por favor consulte el Capítulo 5 SA-S-SD-23: Social. Por favor consulte el Documento Guía E SA-G-SD-6: Mecanismo de Quejas | D54: Codigo de Trabajo | E54: https://faolex.fao.org/docs/pdf/gua205813.pdf | F54: 60 | G54: El reglamento interior de Trabajo debe comprender (..) f) La designación de las personas del establecimiento ante quienes deben presentarse las peticiones de mejoramiento o reclamos en general y la manera de formular unas y otros. | H54: N/A | I54: N/A | J54: N/A
A55: Igualdad de Género | B55: 1.6.1 | C55: La gerencia se compromete a promover la igualdad de género a través de: • Una declaración escrita que se comunica a los miembros del grupo/ trabajadores • El nombramiento de un comité responsable de la implementación, seguimiento y evaluación de las medidas que fomentan la igualdad de género y el empoderamiento de las mujeres (consulte 1.1.5) Por favor consulte el Documento Guía F SA-G-SD-7: Igualdad de Género | D55: Ley de dignificación y promoción integral de la mujer. Constitución Política la República de Guatemala. | E55: https://faolex.fao.org/docs/pdf/gua134317.pdf https://faolex.fao.org/docs/pdf/gua126743.pdf | F55: 6 4 | G55: El Estado, a través de sus órganos y entidades competentes, definirá políticas que desarrollen contenidos y mecanismos mínimos, para prevenir y erradicar la discriminación y la violencia contra las mujeres, promoviendo su dignificación y desarrollo integral. El hombre y la mujer, cualquiera que sea su estado civil, tienen iguales oportunidades y responsabilidades. Ninguna persona puede ser sometida a servidumbre ni a otra condición que menoscabe su dignidad | H55: N/A | I55: N/A | J55: N/A
A56: Igualdad de Género | B56: 1.6.2 | C56: El comité/persona responsable, realiza las siguientes actividades: • Adopta medidas de mitigación que promueven la igualdad de género, siguiendo la Evaluación de Riesgos básica (ver 1.3.1) e incluye estas medidas en el Plan de Manejo (1.3.2.). • Crea consciencia sobre igualdad de género y el empoderamiento de las mujeres con la gerencia y el personal (de un grupo) por lo menos anualmente • Participa en casos de remediación relacionados con violencia de género y discriminación por género, de conformidad con el Protocolo de Remediación Por favor consulte el Anexo S03 SA-S-SD-4: Herramienta de Evaluación de Riesgos Por favor consulte el Anexo del Capítulo 5 SA-S-SD-23: Social | D56: Codigo de Trabajo | E56: https://faolex.fao.org/docs/pdf/gua205813.pdf | F56: 151 | G56: Se prohibe a los patronos: a) Anunciar por cualquier medio, sus ofertas de empleo, especificando como requisito para llenar las plazas el sexo, raza, etnia y estado civil de la persona, excepto que por la naturaleza propia del empleo, éste requiera de una persona con determinadas características. En este caso el patrono deberá solicitar autorización ante la Inspección General de Trabajo y la Oficina Nacional de la Mujer. b) Hacer diferencia entre mujeres solteras y casadas y/o con responsabilidades familiares, para los efectos del trabajo. c) Despedir a las trabajadoras que estuvieren en estado de embarazo o período de lactancia, quienes gozan de inamovilidad. | H56: N/A | I56: N/A | J56: N/A
A57: Igualdad de Género | B57: 1.6.3 | C57: A partir del año 1 en adelante, el comité/persona es responsable: • Implementa la Herramienta de Evaluación de Riesgo en materia de género, a profundidad, y lo repite por lo menos cada tres años • Prioriza por lo menos tres indicadores de la Herramienta de Evaluación de Riesgo a profundidad, con sus respectivas medidas de mitigación • Incorpora las medidas de mitigación en el Plan de Manejo • Implementa y da seguimiento a las medidas de mitigación • Informa anualmente a la gerencia sobre las medidas de mitigación y los indicadores Por favor consulte el Anexo S03 SA-S-SD-4: Herramienta de Evaluación de Riesgos | D57: N/A | E57: N/A | F57: N/A | G57: N/A | H57: N/A | I57: N/A | J57: N/A
A58: Jóvenes Agricultores y Trabajadores | B58: 1.7.1 | C58: La gerencia promueve la participación y desarrollo de las personas jóvenes (< 35 años) en la agricultura y en actividades gerenciales • Motiva su participación en actividades agrícolas • Apoya el desarrollo de sus destrezas, incluido el alfabetismo y las destrezas numéricas • Promueve su participación en la capacitación y en la toma de decisiones • Los anima a convertirse en productores La gerencia, define objetivos para (una selección de) los indicadores propuestos y da seguimiento anual a su avance en relación con sus objetivos, desagregados por género. Indicadores: • # y % de miembros de grupo que son personas jóvenes (menores de 35 años) • # y % de participantes en capacitación que son personas jóvenes (menores de 35 años) • # y % de instructores jóvenes (menores de 35 años) • # y % de inspectores internos jóvenes (menores de 35 años) • # y % de productores jóvenes con acceso a tierra (menores de 35 años) • # y % de personas jóvenes (menores de 35 años) en puestos gerenciales | D58: N/A | E58: N/A | F58: N/A | G58: N/A | H58: N/A | I58: N/A | J58: N/A
A59: Capítulo II: Trazabilidad
A60: Trazabilidad | B60: 2.1.1 | C60: El total de la producción certificada y la producción certificada para cada productor (en kg., en tallos para el caso de flores) se estima una vez al año. Los cálculos se basan en una metodología creíble para la estimación de rendimientos (en kg/ha, tallos/ha para el caso de flores) de una muestra representativa de fincas o unidades de fincas. La metodología y el cálculo se documentan. Indicador: • Volumen estimado de producción certificada (kg o tallos) Por favor consulte el Documento Guía G SA-G-SD-8: Estimación de rendimientos | D60: N/A | E60: N/A | F60: N/A | G60: N/A | H60: N/A | I60: N/A | J60: N/A
A61: Trazabilidad | B61: 2.1.2 | C61: La gerencia registra anualmente las existencias de: • El total de la producción cosechada certificada (en kg, en tallos para el caso de flores) • El balance entre productos comprados, producidos, vendidos y en existencia En caso de que la diferencia entre la producción estimada y la producción real sea >15 %, se ofrece una justificación razonable, y se toman medidas para impedir que ocurran dichas diferencias. En el caso de grupos, las diferencias se verifican y justifican tanto para el grupo como para los miembros individuales. Indicador: • La producción total cosechada del cultivo certificado (kg o tallos) | D61: N/A | E61: N/A | F61: N/A | G61: N/A | H61: N/A | I61: N/A | J61: N/A
A62: Trazabilidad | B62: 2.1.3 | C62: Los productos certificados se segregan visualmente de los productos no certificados en todas las etapas, incluidas los de transporte, almacenamiento y procesamiento. Esto no es aplicable a productos de balance de masa. | D62: N/A | E62: N/A | F62: N/A | G62: N/A | H62: N/A | I62: N/A | J62: N/A
A63: Trazabilidad | B63: 2.1.4 | C63: La gerencia ha mapeado el flujo del producto hasta su ubicación final del alcance del certificado, incluyendo a todos los intermediarios (puntos de recolección, transporte, unidades de procesamiento, almacenes, etc.) y actividades realizadas sobre el producto. | D63: N/A | E63: N/A | F63: N/A | G63: N/A | H63: N/A | I63: N/A | J63: N/A
A64: Trazabilidad | B64: 2.1.5 | C64: Los productos que se venden como certificados se pueden rastrear hasta la(s) finca(s) certificada(s) donde fueron producidos. La gerencia mantiene los documentos de compras y ventas vinculados a las entregas físicas de los productos certificados, con certificaciones múltiples y no certificados, y la gerencia asegura que todos los intermediarios hagan lo mismo. Los documentos de compras y ventas incluyen datos, tipo de producto (porcentaje) de volumen certificado, miembro del grupo y si corresponde, tipo de trazabilidad. En caso de certificación de un grupo, la administración del grupo garantiza que los miembros del grupo reciban un recibo por cada entrega del miembro del grupo al grupo o a un intermediario, especificando el nombre del miembro del grupo, la identificación (ID) del miembro del grupo, la fecha, el tipo de producto y el volumen. | D64: N/A | E64: N/A | F64: N/A | G64: N/A | H64: N/A | I64: N/A | J64: N/A
A65: Trazabilidad | B65: 2.1.6 | C65: Los envíos de productos certificados no superan la producción total (en el caso de las fincas), la compra de productos certificados más los saldos de existencias que quedan del año anterior. | D65: N/A | E65: N/A | F65: N/A | G65: N/A | H65: N/A | I65: N/A | J65: N/A
A66: Trazabilidad | B66: 2.1.7 | C66: No se realiza venta duplicada de volúmenes: los productos vendidos como producto convencional o vendidos a través de otro esquema o iniciativa de sostenibilidad, no se venden como Certificados Rainforest Alliance. Vender productos que están certificados a través de más de un esquema es posible. | D66: N/A | E66: N/A | F66: N/A | G66: N/A | H66: N/A | I66: N/A | J66: N/A
A67: Trazabilidad | B67: 2.1.8 | C67: Los miembros del grupo conservan los recibos de ventas (electrónicos o físicos), incluido el nombre del miembro del grupo, la identificación (ID) del miembro del grupo, la fecha, el tipo de producto y volumen. | D67: Ley del Impuesto al Valor Agregado | E67: https://www.tse.org.gt/images/UECFFPP/leyes/decreto_27-92-iva.pdf | F67: 4 | G67: Hace obligatorio el uso de la Factura Electrónica en Línea (FEL) para los contribuyentes | H67: N/A | I67: N/A | J67: N/A
A68: Trazabilidad | B68: 2.1.9 | C68: La metodología correcta para el cálculo de factores de conversión se demuestra y documenta para cada producto certificado y se refleja de manera correspondiente en la plataforma de trazabilidad. Por favor consulte el Anexo del Capítulo 2 SA-S-SD-20: Trazabilidad | D68: N/A | E68: N/A | F68: N/A | G68: N/A | H68: N/A | I68: N/A | J68: N/A
A69: Trazabilidad | B69: 2.1.10 | C69: El equipo empleado para definir el peso o volumen del producto certificado, se calibra anualmente. | D69: N/A | E69: N/A | F69: N/A | G69: N/A | H69: N/A | I69: N/A | J69: N/A
A70: Trazabilidad en Plataforma en Línea | B70: 2.2.1 | C70: Los volúmenes vendidos como certificados, se registran en la Plataforma de trazabilidad de Rainforest Alliance, a más tardar dos semanas después del final del trimestre en el que se realizó el envío. Por favor consulte el Anexo del Capítulo 2 SA-S-SD-20: Trazabilidad | D70: N/A | E70: N/A | F70: N/A | G70: N/A | H70: N/A | I70: N/A | J70: N/A
A71: Trazabilidad en Plataforma en Línea | B71: 2.2.2 | C71: Los compradores de un producto Certificado Rainforest Alliance, tienen establecido un procedimiento para verificar periódicamente que, las transacciones que están en la plataforma de trazabilidad, concuerden con las facturas de los productos certificados comprados y/o enviados. | D71: N/A | E71: N/A | F71: N/A | G71: N/A | H71: N/A | I71: N/A | J71: N/A
A72: Trazabilidad en Plataforma en Línea | B72: 2.2.3 | C72: Los volúmenes que no se vendieron como certificados Rainforest Alliance y/o fueron perdidos, se eliminan de la Plataforma de trazabilidad en un plazo de dos semanas después del final del trimestre en el que se dio la venta o se perdió el volumen. Para los volúmenes de balance de masa, por favor consulte el Anexo del Capítulo 2 SA-S-SD-20: Trazabilidad para más detalles sobre la aplicabilidad. | D72: N/A | E72: N/A | F72: N/A | G72: N/A | H72: N/A | I72: N/A | J72: N/A
A73: Trazabilidad en Plataforma en Línea | B73: 2.2.4 | C73: Se obtiene una aprobación de acuerdo con la Política de marcas comerciales y etiquetado de Rainforest Alliance antes del uso dentro y fuera del paquete de marcas comerciales orientadas al público. | D73: N/A | E73: N/A | F73: N/A | G73: N/A | H73: N/A | I73: N/A | J73: N/A
A74: Balance de Masas | B74: 2.3.1 | C74: Los volúmenes solo se convierten para un proceso que puede ocurrir en la realidad, la conversión de productos no puede retroceder a un producto anterior. | D74: N/A | E74: N/A | F74: N/A | G74: N/A | H74: N/A | I74: N/A | J74: N/A
A75: Balance de Masas | B75: 2.3.2 | C75: El volumen de producto vendido como balance de masa, está 100% cubierto por volúmenes comprados como certificados. En ningún momento se permite un balance de volumen negativo. | D75: N/A | E75: N/A | F75: N/A | G75: N/A | H75: N/A | I75: N/A | J75: N/A
A76: Balance de Masas | B76: 2.3.3 | C76: Los volúmenes vendidos como certificados, cumplen los requisitos de porcentaje mínimo de coincidencia de origen. Esto solo se aplica a los productos de balance de masas de cacao para los que se requieren reglas de coincidencia de origen. Por favor consulte el Anexo del Capítulo 2 SA-S-SD-20: Trazabilidad, para obtener mayores detalles sobre aplicabilidad. | D76: N/A | E76: N/A | F76: N/A | G76: N/A | H76: N/A | I76: N/A | J76: N/A
A77: Balance de Masas | B77: 2.3.4 | C77: La documentación de compra y venta de los volúmenes vendidos como certificados, incluye información de origen a nivel de país, para los volúmenes entrantes certificados y no certificados. Esto solo se aplica a los productos de balance de masa de cacao para los que se necesitan reglas de coincidencia de origen. Por favor consulte el Anexo del Capítulo 2 SA-S-SD-20: Trazabilidad, para obtener mayores detalles sobre aplicabilidad. | D77: N/A | E77: N/A | F77: N/A | G77: N/A | H77: N/A | I77: N/A | J77: N/A
A78: Balance de Masas | B78: 2.3.5 | C78: El movimiento de volúmenes de balance de masas de un titular de certificado a otro, siempre deberá ir acompañado del envío físico del producto correspondiente. El comercio de volumen sin un envío físico solo puede darse entre sitios cubiertos por el mismo alcance del certificado. | D78: N/A | E78: N/A | F78: N/A | G78: N/A | H78: N/A | I78: N/A | J78: N/A
A79: Capítulo III: Ingresos y Responsabilidad Compartida
A80: Costos de Producción e Ingreso Digno | B80: 3.1.1 | C80: La administración del grupo reúne datos sobre los principales factores determinantes de los costos de producción (por ej. costos de fertilizante, agroquímicos, mano de obra pagada, equipo) y calcula el ingreso neto proveniente del cultivo certificado para una muestra de miembros del grupo (es decir, ingreso bruto – costos de producción = ingreso neto). La administración del grupo comparte los datos analizados con los miembros del grupo. Indicador: Costos de producción por kg de producto cosechado Ingreso neto del cultivo certificado por kg. de producto cosechado. | D80: N/A | E80: N/A | F80: N/A | G80: N/A | H80: N/A | I80: N/A | J80: N/A
A81: Costos de Producción e Ingreso Digno | B81: 3.1.2 | C81: El ingreso neto real de los hogares de los miembros del grupo, se evalúa con respecto al Punto de Referencia del Ingreso Digno para tener una muestra de miembros del grupo. Indicador: Ingreso neto promedio y medio Brecha promedio y media con respecto al punto de referencia del Ingreso Digno (monetaria y %) % de productores que cumplen con el Punto de Referencia del Ingreso Digno Por favor consulte el Anexo del Capítulo 3 SA-S-SD-20: Ingreso y responsabilidad compartida | D81: N/A | E81: N/A | F81: N/A | G81: N/A | H81: N/A | I81: N/A | J81: N/A
A82: Diferencial para la sostenibilidad | B82: 3.2.1 | C82: La administración del grupo transfiere el monto total del Diferencial de Sostenibilidad de Rainforest Alliance en efectivo u otro pago monetario, a los miembros del grupo: • En forma prorrateada, con base en los volúmenes entregados • De manera oportuna y conveniente, por lo menos antes de la siguiente estación del cultivo o por lo menos una vez al año, en el caso de cosecha continua Por lo menos anualmente, la administración del grupo: • Documenta el Diferencial de Sostenibilidad de Rainforest Alliance recibido en volumen. Se mantienen registros separados para los pagos del Diferencial de Sostenibilidad de cada comprador que se distinguen claramente del precio de mercado, otras primas, como las primas de calidad o las primas específicas de cultivos y países, como el Diferencial de Ingreso Digno. • Comunica a los miembros del grupo el Diferencial de Sostenibilidad recibido por el cultivo certificado • Documenta el pago del Diferencial de Sostenibilidad de Rainforest Alliance a los miembros del grupo Indicadores: Monto del Diferencial de Sostenibilidad de Rainforest Alliance recibido: • Monto total recibido por la administración del grupo • Monto recibido por volumen a nivel de miembro de grupo | D82: N/A | E82: N/A | F82: N/A | G82: N/A | H82: N/A | I82: N/A | J82: N/A
A83: Diferencial para la sostenibilidad | B83: 3.2.2 | C83: El Diferencial de Sostenibilidad de Rainforest Alliance se gasta en beneficio del productor y/o de los trabajadores. Por lo menos una vez al año, documentos de la gerencia de la finca; El Diferencial de Sostenibilidad recibido por volumen. Se mantienen registros separados para los pagos del Diferencial de Sostenibilidad de cada comprador, que se diferencian claramente del precio del mercado, otras primas, como primas de calidad o primas específicas de cultivos y país. Cómo se ha gastado el Diferencial de Sostenibilidad A) para beneficio del productor y/o B) para beneficio de los trabajadores, incluidas las categorías especificadas. Si el Diferencial de Sostenibilidad se gasta en beneficio de los trabajadores, la gerencia de la finca consulta con los representantes de los trabajadores sobre las prioridades y la asignación del Diferencial de Sostenibilidad. El Diferencial de Sostenibilidad se puede asignar a las siguientes categorías: salarios, condiciones de trabajo, salud y seguridad, y vivienda. Indicador: Monto del Diferencial de Sostenibilidad de Rainforest Alliance recibido (total y por volumen) Distribución del Diferencial de Sostenibilidad como % del monto total recibido, en A) uso propio, y B) beneficios para los trabajadores, para las categorías a) salarios; b) condiciones de trabajo; c) salud y seguridad; d) vivienda. | D83: N/A | E83: N/A | F83: N/A | G83: N/A | H83: N/A | I83: N/A | J83: N/A
A84: Diferencial para la sostenibilidad | B84: 3.2.3 | C84: Los titulares de certificado responsables, pagan el Diferencial de Sostenibilidad en forma de pago monetario además del precio del mercado, de primas por calidad u otros diferenciales. El Diferencial de Sostenibilidad no puede pagarse en especie. Por favor consulte el Anexo del Capítulo 3 SA-S-SD-20: Ingreso y responsabilidad compartida | D84: N/A | E84: N/A | F84: N/A | G84: N/A | H84: N/A | I84: N/A | J84: N/A
A85: Diferencial para la sostenibilidad | B85: 3.2.4 | C85: Los titulares de certificado responsables, tienen convenios contractuales claros establecidos que especifican la cantidad y otros términos relacionados con el pago del Diferencial de Sostenibilidad. Consulte el Anexo S14 para obtener más detalles sobre la aplicabilidad. Por favor consulte el Anexo del Capítulo 3 SA-S-SD-20: Ingreso y responsabilidad compartida | D85: N/A | E85: N/A | F85: N/A | G85: N/A | H85: N/A | I85: N/A | J85: N/A
A86: Diferencial para la sostenibilidad | B86: 3.2.5 | C86: El monto completo del Diferencial de Sostenibilidad se paga por lo menos anualmente y a más tardar según lo que indican los términos de pago definidos para el cultivo correspondiente. Por favor consulte el Anexo del Capítulo 3 SA-S-SD-20: Ingreso y responsabilidad compartida | D86: N/A | E86: N/A | F86: N/A | G86: N/A | H86: N/A | I86: N/A | J86: N/A
A87: Diferencial para la sostenibilidad | B87: 3.2.6 | C87: La confirmación del pago del Diferencial de Sostenibilidad se registra en la plataforma de trazabilidad. Por favor consulte el Anexo del Capítulo 3 SA-S-SD-20: Ingreso y responsabilidad compartida | D87: N/A | E87: N/A | F87: N/A | G87: N/A | H87: N/A | I87: N/A | J87: N/A
A88: Diferencial para la sostenibilidad | B88: 3.2.7 | C88: El Diferencial de Sostenibilidad pagado, suma por lo menos, el mínimo prescrito para cultivos para los que se define un mínimo. Por favor consulte el Anexo del Capítulo 3 SA-S-SD-20: Ingreso y responsabilidad compartida | D88: N/A | E88: N/A | F88: N/A | G88: N/A | H88: N/A | I88: N/A | J88: N/A
A89: Inversiones para la Sostenibilidad | B89: 3.3.1 | C89: La gerencia define, por lo menos anualmente, las inversiones necesarias para mejorar la sostenibilidad, con el uso de la plantilla para el plan de las Inversiones en Sostenibilidad de Rainforest Alliance. La gerencia emplea las siguientes fuentes para informar sus necesidades de inversión: • El plan de manejo (incluidos los resultados de la Evaluación de la Capacidad de Manejo y la Evaluación de Riesgo) • Informes de auditoría • Inspecciones internas y autoevaluaciones La gerencia documenta las Inversiones en Sostenibilidad, en especie y monetarias recibidas de los compradores para su plan de inversión, de acuerdo con las categorías de inversión de Rainforest Alliance. Indicadores: • Las necesidades de inversión especificadas por categoría, en las categorías de inversión definidas por Rainforest Alliance • Las Inversiones en Sostenibilidad recibidas de los compradores • Distribución de las Inversiones en Sostenibilidad contra las categorías de inversión predeterminadas, como % del monto total recibido Por favor consulte el Anexo S16 RA-S-MT-17: Plantilla para el Plan de Inversiones en Sostenibilidad | D89: N/A | E89: N/A | F89: N/A | G89: N/A | H89: N/A | I89: N/A | J89: N/A
A90: Inversiones para la Sostenibilidad | B90: 3.3.2 N1 | C90: La administración del grupo consulta anualmente con una representación de los miembros del grupo para definir en conjunto, el contenido del plan de inversión. La administración del grupo consulta anualmente con los compradores acerca de sus contribuciones al plan de inversión. | D90: N/A | E90: N/A | F90: N/A | G90: N/A | H90: N/A | I90: N/A | J90: N/A
A91: Inversiones para la Sostenibilidad | B91: 3.3.3 N1 | C91: La gerencia de la finca consulta anualmente con una representación de los trabajadores para definir, en conjunto, el contenido del plan de inversión. La gerencia de la finca consulta anualmente con los compradores acerca de sus contribuciones al plan de inversión. | D91: N/A | E91: N/A | F91: N/A | G91: N/A | H91: N/A | I91: N/A | J91: N/A
... A94: Acuerdos Contractuales e Inversiones de Sostenibilidad | B94: 3.3.6 | C94: Los titulares de certificado tienen convenios contractuales claros o compromisos establecidos que especifican el monto y otros términos relacionados con las Inversiones en Sostenibilidad. Por favor consulte el Anexo del Capítulo 3 SA-S-SD-20: Ingreso y responsabilidad compartida | D94: N/A | E94: N/A | F94: N/A | G94: N/A | H94: N/A | I94: N/A | J94: N/A
A95: Capítulo IV: La Agricultura
A96: Siembra y Rotación | B96: 4.1.1 | C96: Las variedades de plantas para sembrar, injertar y para renovación se seleccionan con base en su calidad, productividad, resistencia a plagas y enfermedades y su adaptabilidad para el clima durante la vida de las plantas. Esto se hace de acuerdo con los hallazgos de la Evaluación de Riesgos en relación con el clima (1.3.5), si se lleva a cabo. Los materiales de siembra se encuentran libres de plagas y enfermedades. | D96: Reglamento de la ley de sanidad vegetal y animal, Acuerdo Gubernativo Número 745-99. | E96: https://faolex.fao.org/docs/pdf/gua42910.pdf | F96: 53 | G96: Es obligación de los profesionales, productores, comerciantes y demás personas relacionadas con la producción agrícola y pecuaria, informar al MAGA del aparecimiento de plagas, enfermedades, contaminantes, productos y subproductos que participen, causen o propicien daños, afectos negativos que pongan en peligro la situación fitosanitaria o zoosanitaria del país, la salud humana y el ambiente | H96: N/A | I96: N/A | J96: N/A
A97: Siembra y Rotación | B97: 4.1.2 | C97: Las nuevas siembras tienen un sistema de cultivos bien establecido que toma en cuenta, por ejemplo: • Las necesidades de la variedad empleada • Las condiciones geográficas, ecológicas y agronómicas • Diversificación e intercalado de cultivos con diferentes profundidades radiculares y usos del suelo para mejorar la calidad y salud del suelo • Densidad de siembra | D97: N/A | E97: N/A | F97: N/A | G97: N/A | H97: N/A | I97: N/A | J97: N/A
A98: Siembra y Rotación | B98: 4.1.3 N1 | C98: Los productores implementan medidas para prevenir plagas y enfermedades y para romper sus ciclos biológicos, para apoyar la salud del suelo y mejorar el manejo de malezas. Dichas medidas pueden incluir el intercalado de cultivos, y medidas adoptadas entre ciclos de cultivo, como rotación de cultivos o dejar la tierra en barbecho. Por favor consulte el Documento Guía H SA-G-SD-9: Manejo Integrado de Plagas (MIP) | D98: Reglamento de la ley de sanidad vegetal y animal, Acuerdo Gubernativo Número 745-99. | E98: https://faolex.fao.org/docs/pdf/gua42910.pdf | F98: 49 | G98: b.Control de transporte de vegetales, animales, sus productos y subproductos a zonas afectadas a zonas libres de la emergencia fitosanitaria o zoosanitaria por medio de puestos de cuarentena vegetal y animal, como a través de cordones sanitarios. c.Descripción de medidas de vigilancia epidemiológica y diagnostico fitozoosanitario, para evitar el nuevo aparecimiento de brotes de plagas o enfermedades del área declarada de emergencia fitosanitaria o zoosanitaria. | H98: N/A | I98: N/A | J98: N/A
A99: Poda y Renovación de Cultivos Arbóreos | B99: 4.2.1 | C99: La gerencia/administración implementa un ciclo de poda para lograr una adecuada formación, mantenimiento y rejuvenecimiento, de acuerdo con las necesidades del cultivo, las condiciones agroecológicas y las directrices aplicables a la poda. La administración del grupo apoya a los miembros del grupo en la implementación de este ciclo de poda. Por favor consulte el Documento Guía I SA-G-SD-10 Poda | D99: N/A | E99: N/A | F99: N/A | G99: N/A | H99: N/A | I99: N/A | J99: N/A
A100: Poda y Renovación de Cultivos Arbóreos | B100: 4.2.2 | C100: Los productores llevan a cabo la poda de acuerdo con el requisito en 4.2.1 Indicador: • % de miembros del grupo que realizan poda de manera adecuada de acuerdo con las necesidades del cultivo, las condiciones agroecológicas y las directrices aplicables a la poda. | D100: N/A | E100: N/A | F100: N/A | G100: N/A | H100: N/A | I100: N/A | J100: N/A
A101: Poda y Renovación de Cultivos Arbóreos | B101: 4.2.3 | C101: Los productores renovan el cultivo certificado cuando es necesario, de acuerdo con la edad, enfermedad u otras causas, para mantener la productividad. Esto incluye resembrar el área de producción, llenar vacíos e injertar. Indicadores: • Para fincas pequeñas: % de miembros del grupo que aplicaron prácticas de renovación para el cultivo certificado • Para fincas grandes: % del área con cultivos certificados en los que se implementan prácticas de renovación | D101: N/A | E101: N/A | F101: N/A | G101: N/A | H101: N/A | I101: N/A | J101: N/A
A102: Organismos Genéticamente Modificados (OGM) | B102: 4.3.1 | C102: El cultivo certificado no es genéticamente modificado (OGM) | D102: Requisitos para la importación, transporte, manejo establecimiento de experimentos de campo y producción para exportación de semillas de organismos vivos modificados para uso agrícola. | E102: https://faolex.fao.org/docs/pdf/gua67557.pdf | F102: 45384 | G102: De la Aprobación de Ensayos y Pruebas de Investigación. Las personas individuales y/o jurídicas interesadas en efectuar pruebas o ensayos de investigación con OVM, deberán solicitar al Área Fitozoogenética de la Unidad de Normas y Regulaciones del MAGA, la autorización en el formulario correspondiente | H102: N/A | I102: N/A | J102: N/A
A103: Organismos Genéticamente Modificados (OGM) | B103: 4.3.2 | C103: No hay cultivos genéticamente modificados (OGM) en la finca. | D103: Requisitos para la importación, transporte, manejo establecimiento de experimentos de campo y producción para exportación de semillas de organismos vivos modificados para uso agrícola. | E103: https://faolex.fao.org/docs/pdf/gua67557.pdf | F103: Artículos 2, 3, 4. | G103: De la Aprobación de Ensayos y Pruebas de Investigación. Las personas individuales y/o jurídicas interesadas en efectuar pruebas o ensayos de investigación con OVM, deberán solicitar al Área Fitozoogenética de la Unidad de Normas y Regulaciones del MAGA, la autorización en el formulario correspondiente | H103: N/A | I103: N/A | J103: N/A
A104: Fertilidad y Conservación del Suelo | B104: 4.4.1 | C104: La gerencia/administración realiza un análisis de suelo/foliar para tener una muestra representativa de las áreas. El análisis de suelo/foliar incluye: a. Áreas y laderas propensas a la erosión b. Estructura del suelo c. Profundidad del suelo y horizontes del suelo d. Densificación de las áreas de compactación e. Humedad del suelo y nivel del agua en el suelo f. Condiciones del drenaje g. Niveles de macronutrientes y materia orgánica. Esto se evalúa a través de pruebas del suelo y/u observación de síntomas visuales de deficiencia de nutrientes (pruebas en las hojas) para tener una muestra representativa de las áreas. La evaluación del suelo se actualiza por lo menos una vez cada tres años. Para los cultivos anuales, se evalúa anualmente el punto g sobre niveles de macronutrientes y materia orgánica. | D104: N/A | E104: N/A | F104: N/A | G104: N/A | H104: N/A | I104: N/A | J104: N/A
A105: Fertilidad y Conservación del Suelo | B105: 4.4.2 | C105: Con base en la evaluación del suelo, la gerencia identifica las medidas para el manejo del suelo y las incluye en el Plan de manejo para acumular materia orgánica en el suelo, incrementar el reciclaje de nutrientes en la finca, y optimizar la humedad en el suelo. Por favor consulte el Documento Guía J SA-G-SD-12. Fertilidad y Conservación del suelo | D105: N/A | E105: N/A | F105: N/A | G105: N/A | H105: N/A | I105: N/A | J105: N/A
A106: Fertilidad y Conservación del Suelo | B106: 4.4.4 | C106: Cuando están disponibles, los productores utilizan los subproductos, incluidos fertilizantes orgánicos producidos en la finca, primero. Si se necesitan más nutrientes, éstos se complementan, en la medida de lo posible, con otros fertilizantes orgánicos o con un fertilizante inorgánico. A fin de minimizar el riesgo, el estiércol animal se convierte en compost caliente antes de utilizarlo como fertilizante. Los productores almacenan estiércol animal y compost a por lo menos 25 metros de distancia de cualquier cuerpo de agua. | D106: N/A | E106: N/A | F106: N/A | G106: N/A | H106: N/A | I106: N/A | J106: N/A
A107: Fertilidad y Conservación del Suelo | B107: 4.4.5 N1 | C107: El suelo del área de producción no se deja expuesto, se protege con medidas como cultivos de cobertura, residuos de cultivos o con mulch (brosa). | D107: N/A | E107: N/A | F107: N/A | G107: N/A | H107: N/A | I107: N/A | J107: N/A
A108: Fertilidad y Conservación del Suelo | B108: 4.4.6 N1 | C108: Los fertilizantes se aplican de forma que los nutrientes estén disponibles cuando y donde los cultivos los necesiten, y que se minimice la contaminación del medio ambiente. | D108: N/A | E108: N/A | F108: N/A | G108: N/A | H108: N/A | I108: N/A | J108: N/A
...

Sheet Matriz cadena de suministro
A2: RAINFOREST ALLIANCE APPLICABLE LAW ASSESSMENT RA 2020 STANDARD V1.3
H3: For RA use only
A4: Certification body: | B4: KIWA CYD | H4: Date reviewed:
A5: Country: | B5: Guatemala | H5: Reviewed by:
A6: Date submitted: | B6: 45352 | H6: Approved by:
A7: Contact person: | B7: EDUARDO AGUILERA | H7: Date approved:
A9: Instructivos
A10: The Certification Body (CB) should list applicable local laws for all core requirement of the RA 2020 Standard according to the geographic scope requested (the format should include individual legislations for each country). The following is a brief explanation of how to complete the template:
A11: Topic: Include the topic covered in the requirement, for example: Natural Ecosystems, Agrochemicals, etc.
A12: Related standard requirement number: Include the number of the specific related requirement, for example: No. 4.5.1
A13: National Legislation Reference:
A14: Legislation name: Include the name of the national legislation related to the criterion, for example: Labor Code, Decree No. 1441.
A15: ILO convention name (if applicable): If there is an applicable ILO convention, indicate the name of that convention and its respective number. e.g. "ILO Convention, Freedom of Association and Protection of the Right to Organise Convention, 1948 (No. 87)" If there are any sector wide agreements or CBAs that might be relevant, feel free to indicate those as well.
A16: Title: Include the title within the national legislation that refers to the criterion to be evaluated, for example: Contracts and collective bargaining.
A17: Articles to be reviewed: Indicate the # or #s of the articles to be reviewed, with respect to the criterion compliance, for example: Articles 57 to 60.
A18: If RA standard goes beyond the national legislation, please indicate on which areas: please perform an analysis of the applicable legislation and where the RA Standard might go beyond the legislation.
A20: Applicable Law Assessment - Guatemala
A21: Related Topic of the SAS 2020 V1.3 | B21: Related Requirements of the Topic | C21: Description | D21: Law Name | E21: Link | F21: Articles to review | G21: Explanation on how to interpret the requirement in light of the applicable law. | H21: CBA if applicable | I21: ILO convention name (if applicable) | J21: If RA standard goes beyond the national legislation, please indicate on which areas
A22: Capítulo I: Gestión
A23: Gestión | B23: 1.1.3 | C23: Hay un plan de manejo claro, bien documentado e implementado que aborda cada uno de los requisitos de la Cadena de Suministro de Rainforest Alliance aplicables. Los procedimientos documentados incluyen el control de los productos certificados para todos los procesos aplicables incluidos en el alcance del certificado, para mantener la integridad del producto. | D23: N/A | E23: N/A | F23: N/A | G23: N/A | H23: N/A | I23: N/A | J23: N/A
A24: Gestión | B24: 1.1.4 | C24: El titular de certificado de la cadena de suministro ha elaborado, adoptado y difundido una o más políticas para asegurar una conducta comercial responsable dentro de sus propias operaciones, la cadena de suministro y otras relaciones comerciales. Las políticas cubren directa e indirectamente los impactos negativos sobre los derechos humanos y el medio ambiente. • Las políticas comprometen y refieren al seguimiento de la Directrices de la Organización para la Cooperación del Desarrollo Económico (OCDE) de Debida Diligencia para una Conducta Empresarial Responsable. Las referencias y compromisos de las Directrices de la OCDE para Empresas Multinacionales y los Principios Rectores sobre las Empresas y los Derechos Humanos de la ONU también pueden considerarse válidos. • La supervisión y responsabilidad de estas políticas y su implementación está asignada al personal directivo superior. • Las políticas y sus correspondientes expectativas se especifican en el compromiso con los proveedores, así como con otras relaciones comerciales, incluyendo contratos y otros acuerdos por escrito. • Una herramienta potencial para el cumplimiento es establecer un código de conducta para los proveedores. • Como mínimo, esta política exige lo siguiente a los titulares de certificado de cadena de suministro, sus proveedores y otras relaciones comerciales: - El cumplimiento de las leyes aplicables y de los estándares relevantes en materia de derechos humanos, derechos y condiciones laborales, salud y seguridad - El cumplimiento de las leyes aplicables y de los estándares relevantes en materia de protección del medio ambiente, deforestación, biodiversidad, manejo de desechos y aguas residuales Para una política modelo para cadenas de suministro agrícolas responsables, consulte la Guía OCDE para la Cadena de Suministro Responsable para el Sector Agrícola, página 25-29.I5 | D24: N/A | E24: N/A | F24: N/A | G24: N/A | H24: N/A | I24: N/A | J24: N/A
A25: Gestión | B25: 1.1.5 | C25: La administración designa al menos a un representante de la administración responsable de los siguientes asuntos y conforma comités de personas responsables. Un comité puede cubrir más de un asunto: • Mecanismo de quejas (consulte 1.5) • Igualdad de género (consulte 1.6) • Evaluar y abordar trabajo infantil, trabajo forzoso, discriminación y violencia y acoso en el trabajo (consulte 5.1) El(los) comité(s): - Es (son) conocedor(es) de los problemas y tienen poder de decisión. - Incluye personas responsables que representen a los miembros del grupo para fincas pequeñas o trabajadores en fincas grandes/operaciones de cadena de suministro, seleccionados por miembros/trabajadores. - Es (son) imparcial(es), accesible(s), sensible(s) al género y confiable(s) para los miembros/trabajadores del grupo y los grupos vulnerables - El comité que maneja asuntos de igualdad de género incluye por lo menos a una mujer En grupos de fincas pequeñas: puede haber una persona responsable en lugar de (un) comité(s) de género y para evaluar y abordar. | D25: Codigo de Trabajo | E25: https://faolex.fao.org/docs/pdf/gua205813.pdf | F25: 60 | G25: El reglamento interior de Trabajo debe comprender (..) f) La designación de las personas del establecimiento ante quienes deben presentarse las peticiones de mejoramiento o reclamos en general y la manera de formular unas y otros. | H25: N/A | I25: N/A | J25: N/A
A26: Administración | B26: 1.2.2 | C26: Hay una lista de los proveedores de servicios, proveedores, intermediarios y subcontratistas actuales. Existen mecanismos para garantizar que cumplan con los requisitos aplicables del Estándar para el trabajo dentro del alcance de la certificación. Para fincas: - Esto es válido para el trabajo en el campo, el trabajo en procesamiento, y la provisión de mano de obra - «Proveedores» se refiere únicamente a otras fincas de las que adquieren producto certificado. Por favor, vea la Guía U: Aplicabilidad a los Proveedores de Servicios | D26: Ley de protección al consumidor y usuario, Decreto Número 06-2003 | E26: https://www.wipo.int/edocs/lexdocs/laws/es/gt/gt033es.pdf | F26: Del 14 al 17 | G26: Sin perjuicio de las contenidas en otras leyes, son obligaciones de los proveedores: a) Cumplir las disposiciones legales que le sean aplicables tanto nacionales como internacionales, derivadas de los convenios o tratados internacionales de los que Guatemala sea parte. b) Respetar la vida, la salud y la seguridad del consumidor o usuario, al proveerle bienes o prestarle servicios. c) Proporcionar la información básica sobre los bienes y servicios que provee. | H26: N/A | I26: N/A | J26: N/A
A27: Administración | B27: 1.2.5 | C27: Se mantiene una lista actualizada de trabajadores permanentes y temporales que contiene, para cada trabajador: • Nombre completo • Género • Año de nacimiento • Fechas de inicio y finalización del empleo • Salario En el caso de trabajadores a los que se proporciona vivienda, el registro además contiene: • La dirección de la vivienda • Número de miembros en la familia • Año de nacimiento de los miembros de la familia En caso de que haya niños (12- 14 años) realizando trabajos ligeros y trabajadores jóvenes (15- 17 años), el registro incluye, además: • La dirección de la vivienda • Nombre y dirección del (de los) padre(s) o del (los) custodio(s) legal(es) • Inscripción escolar (de corresponder) • Tipo de trabajo o tareas • El número de horas de trabajo diarias y semanales Nota sobre la aplicabilidad: para la certificación de cadena de suministro, este requisito es aplicable solamente para los titulares de certificado que presenten un riesgo alto en temas sociales y, por lo tanto, deben cumplir con los requisitos en el capítulo 5. | D27: Codigo de Trabajo | E27: https://faolex.fao.org/docs/pdf/gua205813.pdf | F27: 61, 145 | G27: Son obligaciones de los empleadores: Enviar dentro del improrrogable plazo de los dos primeros meses de cada año a la dependencia administrativa correspondiente del Ministerio de Trabajo y Previsión Social, directamente o por medio de las autoridades de trabajo del lugar donde se encuentra la respectiva empresa, un informe impreso que por lo menos debe contener estos datos: 2) Nombres y apellidos de sus trabajadores con expresión de la edad aproximada, nacionalidad, sexo, ocupación, número de días que haya trabajado cada uno y el salario que individualmente les haya correspondido durante dicho año. Los trabajadores agrícolas tienen derecho a habitaciones que reúnan las condiciones higiénicas que fijen los reglamentos de salubridad. Esta disposición debe ser impuesta por el Ministerio de Trabajo y Previsión Social en forma gradual a los patronos que se encuentren en posibilidad económica de cumplir dicha obligación. | H27: N/A | I27: N/A | J27: N/A
A28: Administración | B28: 1.2.9 | C28: Para propósitos de certificación y cumplimiento, los registros se conservan durante por lo menos cuatro años. | D28: N/A | E28: N/A | F28: N/A | G28: N/A | H28: N/A | I28: N/A | J28: N/A
A29: Administración | B29: 1.2.16 | C29: Hay una lista disponible de trabajadores (h/h) que han sido capacitados y cuentan con los conocimientos y aptitudes para implementar de manera efectiva el plan de manejo de la cadena de suministro. | D29: N/A | E29: N/A | F29: N/A | G29: N/A | H29: N/A | I29: N/A | J29: N/A
A30: Administración | B30: 1.2.17 | C30: El administrador del multi sitio mantiene una lista de los sitios incluidos en el certificado que contiene la siguiente información: Resultado del riesgo, direcciones, alcance y trabajadores responsables de la implementación en dicho sitio. Los formularios de consentimiento son obligatorios en el caso de sitios que no sean de propiedad común, si es aplicable. | D30: N/A | E30: N/A | F30: N/A | G30: N/A | H30: N/A | I30: N/A | J30: N/A
A31: Inspección Interna y Autoevaluación | B31: 1.4.1 | C31: La administración cuenta con un sistema de inspección interno para evaluar anualmente el cumplimiento de todos los actores dentro del alcance de la certificación. El sistema incluye: • Para fincas: fincas de miembros de un grupo, sitios de procesamiento y/o almacenamiento y cualquier otro actor (incluidos subcontratistas, intermediarios, proveedores de servicios). • Para Cadena de Suministro: sitios y subcontratistas Se realiza una inspección interna de todos los actores antes de cada auditoría externa: • En el primer año de la certificación, la inspección interna cubre todos los requisitos aplicables del Estándar En años consecutivos, la inspección interna se basa en la Evaluación de Riesgos (para las fincas, consulte 1.3.1), la inspección interna del año anterior y los resultados de la auditoría externa anterior En el caso de alcance de finca únicamente: existe un sistema de rotación para que cada unidad de finca se inspeccione por lo menos cada 3 años. En el caso de unidades de finca remotas, esto se hace por lo menos cada 6 años. | D31: N/A | E31: N/A | F31: N/A | G31: N/A | H31: N/A | I31: N/A | J31: N/A
A32: Inspección Interna y Autoevaluación | B32: 1.4.2 | C32: Cada año, la administración realiza una autoevaluación para determinar su propio cumplimiento y el de todos los actores de su alcance de la certificación con todos los requisitos del Estándar. La gerencia/administración utiliza los resultados de las inspecciones internas como se establece en 1.4.1. para completar la autoevaluación. | D32: N/A | E32: N/A | F32: N/A | G32: N/A | H32: N/A | I32: N/A | J32: N/A
A33: Inspección Interna y Autoevaluación | B33: 1.4.3 | C33: Está establecido un sistema de aprobación y sanción en relación con el cumplimiento por los miembros del grupo (en el caso de fincas) y/o por los sitios, del Estándar para la Agricultura Sostenible de Rainforest Alliance. El sistema incluye: • Un procedimiento escrito de aprobación y sanción • Un gerente o comité de aprobación y sanción • Un mecanismo para dar seguimiento a las mejoras y a las medidas correctivas • Una decisión sobre el estado de la certificación de cada miembro de un grupo/sitio que se firma y documenta y se incluye en el informe final interno de inspección | D33: N/A | E33: N/A | F33: N/A | G33: N/A | H33: N/A | I33: N/A | J33: N/A
A34: Mecanismos de Quejas | B34: 1.5.1 | C34: Existe un mecanismo de quejas que permite a las personas, los trabajadores, las comunidades y/o la sociedad civil, incluidos los denunciantes, presentar quejas relacionadas con las actividades comerciales del titular del certificado. Las quejas se pueden referir a cualquier parte del Estándar, incluidos aspectos técnicos, sociales o económicos. El mecanismo de quejas puede ser proporcionado por el titular del certificado o por un tercero. El mecanismo de quejas incluye por lo menos los siguientes elementos: • Un comité de quejas (consulte 1.1.5) • El mecanismo de quejas permite la presentación de quejas en cualquier idioma y es accesible para las personas que no puedan leer o que no tengan acceso a Internet. • Se aceptan quejas anónimas y se respeta la confidencialidad • Las quejas sobre derechos humanos y laborales son remediadas de conformidad con el Protocolo de Remediación. • Las quejas y las acciones de seguimiento acordadas se documentan y comparten con las personas involucradas en un plazo de tiempo razonable • A las personas que plantean quejas se les protege del despido/la cancelación de su membresía, de represalias o de amenazas que sean la consecuencia de utilizar el mecanismo de queja Por favor, vea SA-S-SD-23-V1.5 Anexo al Capítulo 5: Social Por favor, consulte el Documento E de la Guía SA-G-SD-6: Mecanismo de Quejas | D34: Codigo de Trabajo | E34: https://faolex.fao.org/docs/pdf/gua205813.pdf | F34: 60 | G34: El reglamento interior de Trabajo debe comprender (..) f) La designación de las personas del establecimiento ante quienes deben presentarse las peticiones de mejoramiento o reclamos en general y la manera de formular unas y otros. | H34: N/A | I34: N/A | J34: N/A
A35: Igualdad de Género | B35: 1.6.1 | C35: La gerencia se compromete a promover la igualdad de género a través de: • Una declaración escrita que se comunica a los miembros del grupo/ a los trabajadores • El nombramiento de un comité responsable de la implementación, seguimiento y evaluación de las medidas que fomentan la igualdad de género y el empoderamiento de las mujeres (consulte 1.1.5). Por favor, consulte el Documento Guía F SA-G-SD-7: Igualdad de Género | D35: Ley de dignificación y promoción integral de la mujer. Constitución Política la República de Guatemala. | E35: https://faolex.fao.org/docs/pdf/gua134317.pdf https://faolex.fao.org/docs/pdf/gua126743.pdf | F35: 6 4 | G35: El Estado, a través de sus órganos y entidades competentes, definirá políticas que desarrollen contenidos y mecanismos mínimos, para prevenir y erradicar la discriminación y la violencia contra las mujeres, promoviendo su dignificación y desarrollo integral. El hombre y la mujer, cualquiera que sea su estado civil, tienen iguales oportunidades y responsabilidades. Ninguna persona puede ser sometida a servidumbre ni a otra condición que menoscabe su dignidad | H35: N/A | I35: N/A | J35: N/A
A36: Igualdad de Género | B36: 1.6.2 | C36: El comité/persona responsable realiza las siguientes actividades: • Adopta medidas que promueven la igualdad de género, siguiendo la Evaluación de Riesgo básica (1.3.1) e incluye estas medidas en el Plan de manejo (1.3.2) • Crea consciencia sobre igualdad de género y el empoderamiento de las mujeres con la administración y el personal (de un grupo) por lo menos anualmente • Participa en casos de remediación relacionados con violencia de género y discriminación por género de conformidad con el Protocolo de Remediación Por favor consulte el Anexo S03 SA-S-SD-4: Herramienta de Evaluación de Riesgos Por favor, vea SA-S-SD-23-V1.5 Anexo al Capítulo 5: Social | D36: Codigo de Trabajo | E36: https://faolex.fao.org/docs/pdf/gua205813.pdf | F36: 151 | G36: Se prohibe a los patronos: a) Anunciar por cualquier medio, sus ofertas de empleo, especificando como requisito para llenar las plazas el sexo, raza, etnia y estado civil de la persona, excepto que por la naturaleza propia del empleo, éste requiera de una persona con determinadas características. En este caso el patrono deberá solicitar autorización ante la Inspección General de Trabajo y la Oficina Nacional de la Mujer. b) Hacer diferencia entre mujeres solteras y casadas y/o con responsabilidades familiares, para los efectos del trabajo. c) Despedir a las trabajadoras que estuvieren en estado de embarazo o período de lactancia, quienes gozan de inamovilidad. | H36: N/A | I36: N/A | J36: N/A
A37: Capítulo II: Trazabilidad
A38: Trazabilidad | B38: 2.1.3 | C38: Los productos certificados se segregan visualmente de los productos no certificados en todas las etapas, incluidas las de transporte, almacenamiento y procesamiento. Esto no es aplicable a productos de balance de masa. | D38: N/A | E38: N/A | F38: N/A | G38: N/A | H38: N/A | I38: N/A | J38: N/A
A39: Trazabilidad | B39: 2.1.4 | C39: La gerencia ha trazado el flujo del producto hasta su ubicación final en el alcance del certificado, incluyendo a todos los intermediarios (puntos de recolección, transporte, unidades de procesamiento, almacenes, etc.) y las actividades efectuadas sobre el producto. | D39: N/A | E39: N/A | F39: N/A | G39: N/A | H39: N/A | I39: N/A | J39: N/A
A40: Trazabilidad | B40: 2.1.6 | C40: Los envíos de productos certificados no superan la producción total (en el caso de las fincas), la compra de productos certificados más los saldos de existencias que quedan del año anterior | D40: N/A | E40: N/A | F40: N/A | G40: N/A | H40: N/A | I40: N/A | J40: N/A
A41: Trazabilidad | B41: 2.1.7 | C41: No se realiza doble venta de volúmenes: los productos vendidos como producto convencional o vendidos a través de otro esquema o iniciativa de sostenibilidad, no se venden como Certificados Rainforest Alliance. Es posible vender productos que están certificados bajo más de un esquema. | D41: N/A | E41: N/A | F41: N/A | G41: N/A | H41: N/A | I41: N/A | J41: N/A
A42: Trazabilidad | B42: 2.1.9 | C42: La metodología correcta para el cálculo de factores de conversión se demuestra y documenta para cada producto certificado y se refleja de manera correspondiente en la plataforma de trazabilidad. Por favor, vea SA-S-SD-20-V1.2 Anexo Capítulo 2: Trazabilidad | D42: N/A | E42: N/A | F42: N/A | G42: N/A | H42: N/A | I42: N/A | J42: N/A
A43: Trazabilidad | B43: 2.1.10 | C43: El equipo empleado para definir el peso o volumen del producto certificado se calibra anualmente. | D43: N/A | E43: N/A | F43: N/A | G43: N/A | H43: N/A | I43: N/A | J43: N/A
A44: Trazabilidad | B44: 2.1.11 | C44: Se proporciona un resumen del volumen del producto certificado por los 12 meses anteriores. Esto incluye entradas, volúmenes adquiridos, en existencia, procesados, que han salido, perdidos y vendidos (si aplica). | D44: N/A | E44: N/A | F44: N/A | G44: N/A | H44: N/A | I44: N/A | J44: N/A
A45: Trazabilidad | B45: 2.1.12 | C45: La documentación incluye el tipo de trazabilidad y el porcentaje (se menos de 100% certificado) cuando se produzca un cambio en la propiedad legal y/o la posesión física del producto certificado. Esto no es aplicable para ventas o productos finales destinados al consumidor. | D45: N/A | E45: N/A | F45: N/A | G45: N/A | H45: N/A | I45: N/A | J45: N/A
A46: Uso de la marca | B46: 2.1.13 | C46: Que exista evidencia (documentación sobre el producto de entrada y salida, los procedimientos en el sitio, informes) de que cualquier reclamo de Rainforest Alliance es válido y cumple con los requisitos del Programa de Certificación de Rainforest Alliance. | D46: N/A | E46: N/A | F46: N/A | G46: N/A | H46: N/A | I46: N/A | J46: N/A
A47: Trazabilidad en la Plataforma en Línea | B47: 2.2.1 | C47: Los volúmenes vendidos como certificados se registran en la Plataforma de trazabilidad de Rainforest Alliance a más tardar dos semanas después del final del trimestre en el que se realizó el envío. Por favor, vea SA-S-SD-20-V1.2 Anexo Capítulo 2: Trazabilidad. | D47: N/A | E47: N/A | F47: N/A | G47: N/A | H47: N/A | I47: N/A | J47: N/A
A48: Trazabilidad en la Plataforma en Línea | B48: 2.2.2 | C48: Los compradores de un producto Certificado Rainforest Alliance tienen establecido un procedimiento para verificar periódicamente que las transacciones de la plataforma de trazabilidad concuerden con las facturas de los productos certificados comprados y/o enviados. | D48: N/A | E48: N/A | F48: N/A | G48: N/A | H48: N/A | I48: N/A | J48: N/A
A49: Trazabilidad en la Plataforma en Línea | B49: 2.2.3 | C49: Los volúmenes que no se vendieron como Rainforest Alliance Certified y/o perdidos se eliminan de la Plataforma de trazabilidad en un plazo de dos semanas después del final del trimestre en el que se dio la venta o se perdió el volumen. Para los volúmenes de balance de masa, por favor consulte el A-S-SD-20 Anexo Capítulo 2: Trazabilidad, para obtener mayores detalles sobre aplicabilidad. | D49: N/A | E49: N/A | F49: N/A | G49: N/A | H49: N/A | I49: N/A | J49: N/A
... A58: Balance de Masas | B58: 2.3.5 | C58: El movimiento de volúmenes de balance de masa de un titular de certificado a otro siempre deberá ir acompañado del envío físico del producto correspondiente. El comercio de volumen sin un envío físico solo puede darse entre sitios cubiertos por el mismo alcance de certificación. | D58: N/A | E58: N/A | F58: N/A | G58: N/A | H58: N/A | I58: N/A | J58: N/A
A59: Capítulo III: Ingresos y Responsabilidad Compartida
A60: Diferencial de Sostenibilidad | B60: 3.2.3 | C60: Los titulares de certificado responsables pagan el Diferencial de Sostenibilidad en forma de pago monetario además del precio del mercado o las primas por calidad u otros diferenciales. El Diferencial de Sostenibilidad no puede pagarse en especie. Por favor, vea SA-S-SD-20-V1.3 Anexo Capítulo 3: Responsabilidad Compartida | D60: N/A | E60: N/A | F60: N/A | G60: N/A | H60: N/A | I60: N/A | J60: N/A
A61: Diferencial de Sostenibilidad | B61: 3.2.4 | C61: Los titulares de certificado responsables tienen convenios contractuales claros establecidos que especifican la cantidad y otros términos relacionados con el pago del Diferencial de Sostenibilidad. Por favor, vea SA-S-SD-20-V1.3 Anexo Capítulo 3: Responsabilidad Compartida | D61: N/A | E61: N/A | F61: N/A | G61: N/A | H61: N/A | I61: N/A | J61: N/A
A62: Diferencial de Sostenibilidad | B62: 3.2.5 | C62: El monto completo del Diferencial de Sostenibilidad se paga por lo menos anualmente y no más tarde de los términos de pago definidos para el cultivo correspondiente. Por favor, vea SA-S-SD-20-V1.3 Anexo Capítulo 3: Responsabilidad Compartida | D62: N/A | E62: N/A | F62: N/A | G62: N/A | H62: N/A | I62: N/A | J62: N/A
A63: Diferencial de Sostenibilidad | B63: 3.2.6 | C63: La confirmación del pago del Diferencial de Sostenibilidad se registra en la plataforma de trazabilidad. Por favor, vea SA-S-SD-20-V1.3 Anexo Capítulo 3: Responsabilidad Compartida | D63: N/A | E63: N/A | F63: N/A | G63: N/A | H63: N/A | I63: N/A | J63: N/A
A64: Diferencial de Sostenibilidad | B64: 3.2.7 | C64: El Diferencial de Sostenibilidad pagado, suma por lo menos el mínimo prescrito para cultivos para los que se define un mínimo. Por favor, vea SA-S-SD-20-V1.3 Anexo Capítulo 3: Responsabilidad Compartida | D64: N/A | E64: N/A | F64: N/A | G64: N/A | H64: N/A | I64: N/A | J64: N/A
A65: Inversiones de Sostenibilidad | B65: 3.3.4 | C65: El monto completo de la Inversión en Sostenibilidad se paga por lo menos anualmente y no más tarde de los términos de pago definidos para el cultivo correspondiente. Por favor, vea SA-S-SD-20-V1.3 Anexo Capítulo 3: Responsabilidad Compartida | D65: N/A | E65: N/A | F65: N/A | G65: N/A | H65: N/A | I65: N/A | J65: N/A
A66: Inversiones de Sostenibilidad | B66: 3.3.5 | C66: La confirmación del pago de la Inversión en Sostenibilidad se registra en la plataforma de trazabilidad. Por favor, vea SA-S-SD-20-V1.3 Anexo Capítulo 3: Responsabilidad Compartida | D66: N/A | E66: N/A | F66: N/A | G66: N/A | H66: N/A | I66: N/A | J66: N/A
A67: Inversiones de Sostenibilidad | B67: 3.3.6 | C67: Los titulares de certificado tienen convenios o compromisos contractuales claros establecidos que especifican la cantidad y otros términos sobre la Inversión en Sostenibilidad. Por favor, vea SA-S-SD-20-V1.3 Anexo Capítulo 3: Responsabilidad Compartida | D67: N/A | E67: N/A | F67: N/A | G67: N/A | H67: N/A | I67: N/A | J67: N/A
A68: Contribuciones de la Cadena de Suministro al Pago de Salario Digno | B68: 3.4.1 | C68: El titular de certificado de la cadena de suministro tiene una copia del plan del titular de certificado de finca para la mejora de salarios y ha identificado cuándo y cómo se debe ofrecer apoyo para lograr este cometido. | D68: N/A | E68: N/A | F68: N/A | G68: N/A | H68: N/A | I68: N/A | J68: N/A
A69: Contribuciones de la Cadena de Suministro al Pago de Salario Digno | B69: 3.4.2 | C69: Hay evidencia escrita que indica que el titular de certificado de la cadena de suministro responsable se compromete y ha llegado a un acuerdo con el titular de certificado de finca, sobre las modalidades, objetivos y plazos para contribuir a la implementación del plan de mejoras de salarios de la finca. | D69: N/A | E69: N/A | F69: N/A | G69: N/A | H69: N/A | I69: N/A | J69: N/A
A70: Contribuciones de la Cadena de Suministro al Pago de Salario Digno | B70: 3.4.3 | C70: Hay evidencia de que se están haciendo contribuciones para la mejora de salarios de la finca y que estas se ajustan a las modalidades, objetivos y plazos establecidos con el titular de certificado de finca. | D70: N/A | E70: N/A | F70: N/A | G70: N/A | H70: N/A | I70: N/A | J70: N/A
A71: Contribuciones de la Cadena de Suministro al Pago de Salario Digno | B71: 3.4.4 | C71: Se registra la inversión financiera directa o algún otro tipo de inversión en el contexto de contribución al pago del Salario Digno por el titular de certificado de la cadena de suministro a la finca. | D71: N/A | E71: N/A | F71: N/A | G71: N/A | H71: N/A | I71: N/A | J71: N/A
A72: Capítulo V: Social
A73: Trabajo Infantil, Trabajo Forzoso, Discriminación, Violencia y Acoso en el Trabajo | B73: 5.1.1 | C73: Compromiso: La gerencia se compromete a evaluar y abordar el trabajo infantil, el trabajo forzoso, la discriminación, y la violencia y acoso en el trabajo a través de: - Nombrar a un comité responsable de manejar el sistema para evaluar y abordar (consulte el requisito 1.1.5). El comité: • Coordina con la gerencia/administración y los comités/personas responsables del manejo de quejas y problemas de género. • Crea conciencia sobre estos cuatro problemas con la gerencia y el personal (del grupo) por lo menos una vez al año • Informa por escrito a los trabajadores/miembros del grupo que no se toleran el trabajo infantil, trabajo forzoso, discriminación y violencia y acoso en el trabajo, y que la gerencia cuenta con un sistema para abordar y evaluar los casos relacionados a este tipo de problemática. Esta información está expuesta de forma visible en sitios centrales en todo momento. Por favor, vea el SA-G-SD-11 Guía L: Evaluar y Abordar | D73: Ley contra el femicidio y otras formas de violencia contra la mujer, Decreto Número 22-2008. Ley general para el combate del Virus de Inmunodeficiencia Humana "VIH" y del síndrome de Inmunodeficiencia adquirida "SIDA" y de la promoción, protección y defensa de los derechos humanos ante el VIH/SIDA, Decreto Número 27-2000. Codigo de Trabajo | E73: https://faolex.fao.org/docs/pdf/gua134318.pdf http://bvs.gt/eblueinfo/ML/ML_017.pdf https://faolex.fao.org/docs/pdf/gua205813.pdf | F73: 7-19 18-19 14, 148 | G73: Comete el delito de violencia contra la mujer quien, en el ámbito público o privado, ejerza violencia física, sexual o psicológica. El Estado tiene la obligación de brindar la asistencia legal en forma gratuita a la víctima o a sus familiares, debiendo proporcionarles los servicios de una abogada defensora pública o abogado defensor público, para garantizar el efectivo ejercicio de sus derechos. "Toda persona que viva con VIH/SIDA tiene los derechos y deberes proclamados en la Declaración Universal de Derechos Humanos. Se prohíbe la discriminación de las personas que viven con VIH/SIDA, contraria a la dignidad humana, a fin de asegurar el respeto a la integridad física y psíquica de estas personas. Se prohibe la discriminación por motivo de raza, religión, credos políticos y situación económica, en los establecimientos de asistencia social, educación, cultura, diversión o comercio que funcionen para el uso o beneficio de trabajadores, en las empresas o sitios de trabajadores de propiedad particular, o en los que el Estado crea para los trabajadores en general. Se prohibe el trabajo para menores de catorce años. | H73: N/A | I73: N/A | J73: N/A
A74: Evaluación y Abordaje del Trabajo Infantil, Trabajo Forzoso, Discriminación, Violencia y Acoso en el Trabajo | B74: 5.1.2 | C74: Mitigación de riesgos: El representante/comité de la gerencia incluye en el plan de manejo (1.3.2.) las medidas de mitigación identificadas en la Evaluación de Riesgo (1.3.1.) básica e implementa las medidas correspondientes. La Evaluación de Riesgo básica se repite por lo menos cada tres años. Por favor consulte el Anexo S03 SA-S-SD-4: Herramienta de Evaluación de Riesgos | D74: Ley de dignificación y promoción integral de la mujer, Decreto Número 7-99. | E74: https://faolex.fao.org/docs/pdf/gua134317.pdf | F74: 6 | G74: El Estado, a través de sus órganos y entidades competentes, definirá políticas que desarrollen contenidos y mecanismos mínimos, para prevenir y erradicar la discriminación y la violencia contra las mujeres, promoviendo su dignificación y desarrollo integral. | H74: N/A | I74: N/A | J74: N/A
A75: Trabajo Infantil, Trabajo Forzoso, Discriminación, Violencia y Acoso en el Trabajo | B75: 5.1.3 | C75: Seguimiento: El representante/comité de la gerencia • Da seguimiento a los riesgos y a la implementación de medidas de mitigación de riesgos • Denuncia posibles casos de trabajo infantil, trabajo forzoso, discriminación, violencia y acoso en el trabajo a la gerencia y al comité de quejas • Da seguimiento a las actividades de remediación (consulte el requisito 5.1.4) La intensidad del sistema de monitoreo se ajusta al nivel de riesgo y al problema. Indicador: • El número de posibles casos identificados por el sistema de monitoreo y elevados al mecanismo de quejas (según género, edad y tipo de problema) Por favor, vea el SA-G-SD-20 Guía R: Herramienta de Supervisión de Evaluar y Abordar | D75: Ley contra el femicidio y otras formas de violencia contra la mujer, Decreto Número 22-2008. Ley general para el combate del Virus de Inmunodeficiencia Humana "VIH" y del síndrome de Inmunodeficiencia adquirida "SIDA" y de la promoción, protección y defensa de los derechos humanos ante el VIH/SIDA, Decreto Número 27-2000. Ley de dignificación y promoción integral de la mujer, Decreto Número 7-99. Codigo de Trabajo | E75: https://faolex.fao.org/docs/pdf/gua134318.pdf http://bvs.gt/eblueinfo/ML/ML_017.pdf https://faolex.fao.org/docs/pdf/gua134317.pdf https://faolex.fao.org/docs/pdf/gua205813.pdf | F75: 7-19 18-19 6 14, 148 | G75: Comete el delito de violencia contra la mujer quien, en el ámbito público o privado, ejerza violencia física, sexual o psicológica. El Estado tiene la obligación de brindar la asistencia legal en forma gratuita a la víctima o a sus familiares, debiendo proporcionarles los servicios de una abogada defensora pública o abogado defensor público, para garantizar el efectivo ejercicio de sus derechos. "Toda persona que viva con VIH/SIDA tiene los derechos y deberes proclamados en la Declaración Universal de Derechos Humanos. Se prohíbe la discriminación de las personas que viven con VIH/SIDA, contraria a la dignidad humana, a fin de asegurar el respeto a la integridad física y psíquica de estas personas. El Estado, a través de sus órganos y entidades competentes, definirá políticas que desarrollen contenidos y mecanismos mínimos, para prevenir y erradicar la discriminación y la violencia contra las mujeres, promoviendo su dignificación y desarrollo integral. Se prohibe la discriminación por motivo de raza, religión, credos políticos y situación económica, en los establecimientos de asistencia social, educación, cultura, diversión o comercio que funcionen para el uso o beneficio de trabajadores, en las empresas o sitios de trabajadores de propiedad particular, o en los que el Estado crea para los trabajadores en general. Se prohibe el trabajo para menores de catorce años. | H75: N/A | I75: N/A | J75: N/A
A76: Trabajo Infantil, Trabajo Forzoso, Discriminación, Violencia y Acoso en el Trabajo | B76: 5.1.4 | C76: Remediación: El representante/comité de la gerencia establece, en el plan de manejo, la manera de remediar casos de trabajo infantil, trabajo forzoso, discriminación, violencia y acoso en el trabajo. Los casos confirmados se remedian y documentan siguiendo el Protocolo de Remediación de Rainforest Alliance. La seguridad y confidencialidad de las víctimas se protege durante todo el proceso. Indicador: • Número y porcentaje de casos confirmados de trabajo infantil, trabajo forzoso, discriminación, violencia y acoso en el trabajo remediados de acuerdo con el Protocolo de Remediación (por género, edad, y tipo de problema) Por favor, vea SA-S-SD-23-V1.5 Anexo al Capítulo 5: Social | D76: Codigo de Trabajo | E76: https://faolex.fao.org/docs/pdf/gua205813.pdf | F76: 139 | G76: Todo trabajo agrícola o ganadero desempeñado por mujeres o menores de edad con anuencia del patrono, da el carácter a aquéllas o a éstos de trabajadores campesinos, aunque a dicho trabajo se le atribuya la calidad de coadyuvante o complementario de las labores que ejecute el trabajador campesino jefe de familia. En consecuencia, esos trabajadores campesinos se consideran vinculados al expresado patrono por un contrato de trabajo. | H76: N/A | I76: N/A | J76: N/A
A77: Libertad de Asociación y Negociación Colectiva | B77: 5.2.1 | C77: Los trabajadores tienen derecho de formar un sindicato o unirse a uno o a una organización de trabajadores de su elección y de participar en negociaciones colectivas, sin autorización previa de su empleador, y de conformidad con la legislación aplicable. Los representantes de los trabajadores son elegidos democráticamente entre los trabajadores en elecciones periódicas, libres. La gerencia informa a los trabajadores sobre estos derechos a través de una política escrita, en un idioma que ellos entiendan, antes del inicio de su empleo. La política escrita sobre libertad de asociación y negociación colectiva se publica de manera visible en todo momento en el lugar de trabajo. Donde el derecho de libertad de asociación y negociación colectiva estén restringidos por la legislación, la gerencia no impide el desarrollo de medios paralelos de libre asociación, negociación y diálogo independientes con la gerencia. Convenio de OIT sobre la Libertad Sindical y la Protección del Derecho de Sindicación, 1948 (No. 87) Recomendación de la OIT sobre los Representantes de los Trabajadores, de 1971 (No. 143) | D77: Codigo de Trabajo Constitución Política de la República de Guatemala | E77: https://faolex.fao.org/docs/pdf/gua205813.pdf https://faolex.fao.org/docs/pdf/gua126743.pdf | F77: 38-53 102 | G77: Las estipulaciones del pacto colectivo de condiciones de trabajo tienen fuerza de ley Derecho de sindicalización libre de los trabajadores. Este derecho lo podrán ejercer sin discriminación alguna y sin estar sujetos a autorización previa, debiendo únicamente cumplir con llenar los requisitos que establezca la ley. Los trabajadores no podrán ser despedidos por participar en la formación de un sindicato, debiendo gozar de este derecho a partir del momento en que den aviso a la Inspección General de Trabajo. | H77: N/A | I77: N/A | J77: N/A
A78: Libertad de Asociación y Negociación Colectiva | B78: 5.2.2 | C78: Los trabajadores no se ven sujetos a discriminación o represalias por razón de su participación o actividades pasadas o presentes en organizaciones de trabajadores o sindicatos. La gerencia no castiga, soborna o influencia de otra forma a los miembros de un sindicato o a los representantes de los trabajadores. Se mantienen registros de los despidos de empleados, incluida la razón del despido y la afiliación de los trabajadores con un sindicato u organización de trabajadores. La gerencia no interfiere en los asuntos internos de las organizaciones de trabajadores y/o en los sindicatos ni en las elecciones u obligaciones relacionadas con la membresía en dichas organizaciones. Convenio de la OIT sobre el Derecho de Sindicación y de Negociación Colectiva, 1949 (No. 98) Recomendación de la OIT sobre los Representantes de los Trabajadores, de 1971 (No. 143) | D78: Codigo de Trabajo Constitución Política de la República de Guatemala | E78: https://faolex.fao.org/docs/pdf/gua205813.pdf https://faolex.fao.org/docs/pdf/gua126743.pdf | F78: 10, 209 102 | G78: Se prohibe tomar cualquier clase de represalias contra los trabajadores con el propósito de impedirles parcial o totalmente el ejercicio de los derechos que les otorguen la Constitución, el presente Código, sus reglamentos o las demás leyes de trabajo o de previsión social, o con motivo de haberlos ejercido o de haber intentado ejercerlos. Los trabajadores no podrán ser despedidos por participar en la formación de un Sindicato. Derecho de sindicalización libre de los trabajadores. Este derecho lo podrán ejercer sin discriminación alguna y sin estar sujetos a autorización previa, debiendo únicamente cumplir con llenar los requisitos que establezca la ley. Los trabajadores no podrán ser despedidos por participar en la formación de un sindicato, debiendo gozar de este derecho a partir del momento en que den aviso a la Inspección General de Trabajo. | H78: N/A | I78: N/A | J78: N/A
A79: Libertad de Asociación y Negociación Colectiva | B79: 5.2.3 | C79: La gerencia proporciona a los representantes de los trabajadores tiempo libre remunerado razonable para desempeñar sus funciones y asistir a las reuniones. Cuando sea necesario, la gerencia proporciona a los representantes de los trabajadores instalaciones razonables, incluido espacio para reuniones, medios de comunicación y guardería. La gerencia da a la organización de trabajadores y/o al sindicato laboral, acceso a un tablero de anuncios para comunicar información sobre sus actividades. La gerencia establece un diálogo genuino con los representantes de los trabajadores libremente electos para plantear y abordar de forma colectiva las condiciones de trabajo y los términos del empleo. La gerencia mantiene registros de las actas de las reuniones con organizaciones de trabajadores y/o sindicatos laborales. Recomendación de la OIT sobre los Representantes de los Trabajadores, de 1971 (No. 135) Recomendación de la OIT sobre los Representantes de los Trabajadores, de 1971 (No. 143) | D79: Codigo de Trabajo | E79: https://faolex.fao.org/docs/pdf/gua205813.pdf | F79: 61 | G79: Son obligaciones de los empleadores, Conceder licencia con goce de sueldo a los trabajadores Por desempeño de una función sindical siempre que ésta se limite a los miembros del Comité Ejecutivo y no exceda de seis días en el mismo mes calendario, para cada uno de ellos. No obstante lo anterior el patrono deberá conceder licencia sin goce de salario a los miembros del referido Comité Ejecutivo que así lo soliciten, por el tiempo necesario para atender las atribuciones de su cargo. | H79: N/A | I79: N/A | J79: N/A
A80: Salarios y Contratos | B80: 5.3.1 | C80: Los trabajadores permanentes y temporales empleados durante más de tres meses consecutivos reciben un contrato de empleo escrito firmado por ambas partes. Los trabajadores permanentes y temporales empleados por menos de tres meses deben tener por lo menos contratos verbales. El patrono mantiene registros de los contratos verbales. Todos los contratos incluyen, por lo menos: • Las obligaciones laborales • Lugar de trabajo • El horario de trabajo • El salario y/o método de cálculo • El pago de horas extra • Frecuencia o cronograma de pago • Deducciones, prestaciones proporcionadas como beneficios en especie • Licencia con goce de sueldo • Licencia médica y protecciones en caso de enfermedad, discapacidad o accidente • Período de notificación (de haberlo) para rescindir el contrato, de ser aplicable Todos los trabajadores comprenden el contenido de sus contratos de trabajo antes del inicio del empleo y pueden solicitar una copia en cualquier momento. | D80: Codigo de Trabajo | E80: https://faolex.fao.org/docs/pdf/gua205813.pdf | F80: 18-37 | G80: Es obligación de los empleadores registrar a) Los nombres, apellidos, edad, sexo, estado civil, nacionalidad y vecindad de los contratantes. b) La fecha de la iniciación de la relación de trabajo. c) La indicación de los servicios que el trabajador se obliga a prestar, o la naturaleza de la obra a ejecutar, especifi cando en lo posible las características y las condiciones del trabajo. d) El lugar o los lugares donde deben prestarse los servicios o ejecutarse la obra. e) La designación precisa del lugar donde viva el trabajador cuando se le contrata para prestar sus servicios o ejecutar una obra en lugar distinto de aquel donde viva habitualmente. f) La duración del contrato o la expresión de ser por tiempo indefi nido o para la ejecución de obra determinada. g) El tiempo de la jornada de trabajo y las horas en que debe prestarse. h) El salario, | H80: N/A | I80: N/A | J80: N/A
A81: Salarios y Contratos | B81: 5.3.2 | C81: La gerencia no participa en arreglos o prácticas diseñadas para eliminar o reducir el pago y/o las prestaciones a los trabajadores, como contratar trabajadores temporales para tareas permanentes o continuas. | D81: Codigo de Trabajo | E81: https://faolex.fao.org/docs/pdf/gua205813.pdf | F81: 13 | G81: Se prohíbe a los patronos emplear menos de un noventa por ciento de trabajadores guatemaltecos y pagar a éstos menos del ochenta y cinco por ciento del total de los salarios que en sus respectivas empresas se devenguen, salvo lo que sobre el particular establezcan leyes especiales. | H81: N/A | I81: N/A | J81: N/A
A82: Salarios y Contratos | B82: 5.3.3 | C82: Los trabajadores reciben por lo menos el salario mínimo aplicable o el salario negociado en un Acuerdo de Negociación Colectiva (ANC), lo que sea más alto. En el caso de producción, cuotas o trabajo a destajo, el pago debe ser por lo menos el salario mínimo basado en una semana de 48 horas de trabajo o el límite nacional de horas de trabajo, lo que sea más bajo. | D82: Codigo de Trabajo | E82: https://faolex.fao.org/docs/pdf/gua205813.pdf | F82: 91, 115 | G82: Todo trabajador tiene derecho a devengar un salario mínimo que cubra sus necesidades normales de orden material, moral y cultural y que le permita satisfacer sus deberes como jefe de familia. Dicho salario se debe fijar periódicamente conforme se determina en este capítulo, y atendiendo a las modalidades de cada trabajo, a las particulares condiciones de cada región y a las posibilidades patronales en cada actividad intelectual, industrial, comercial, ganadera o agrícola. La fijación del salario mínimo modifica automáticamente los contratos de trabajo en que se haya estipulado uno inferior y no implica renuncia del trabajador, ni abandono del patrono, de convenios preexistentes más favorables al primero. Cuando los salarios mínimos se fi jenpor medio del pacto colectivo de condiciones de trabajo, las comisiones y el Ministerio deben abstenerse de hacerlo en la empresa, zona o actividad económica que abarque aquél. | H82: N/A | I82: N/A | J82: N/A
A83: Salarios y Contratos | B83: 5.3.5 | C83: Las deducciones de los sueldos, por ejemplo para seguridad social, se permiten solo si lo dispone la legislación aplicable o el ANC. Las deducciones voluntarias de los salarios como anticipos a sueldo, cuota sindical, o préstamos, solo se pueden hacer con el consentimiento escrito o verbal del trabajador. El patrono realiza estas remesas completamente y a tiempo. No está permitido hacer deducciones a los salarios como medida disciplinaria. No está permitido hacer deducciones por trabajos relacionados con herramientas, equipos o aparatos, a menos que esto sea permitido por la ley. Los pagos en especie deben concordar con la legislación nacional; sin embargo, no pueden superar el 30% de la remuneración total. Recomendación de la OIT sobre Protección de los Salarios, de 1949 (No. 95) Recomendación de la OIT sobre la Protección de los Salarios, 1949 (No.85) | D83: Codigo de Trabajo | E83: https://faolex.fao.org/docs/pdf/gua205813.pdf | F83: 61, 90 | G83: Los trabajadores campesinos que laboren en explotaciones agrícolas o ganaderas pueden percibir el pago de su salario, hasta en un treinta por ciento del importe total de éste como máximum, en alimentos y demás artículos análogos destinados a su consumo personal | H83: N/A | I83: N/A | J83: N/A
A84: Salarios y Contratos | B84: 5.3.6 | C84: A los trabajadores se les paga regularmente a intervalos programados acordados tanto por el trabajador como por el empleador, y al menos mensualmente Se mantienen registros por trabajador de las horas trabajadas (normales y horas extra) y/o del volumen producido (si corresponde), con el cálculo de salarios, deducciones y salarios pagados. A los trabajadores se les proporciona un comprobante de pago (físico o electrónico) por cada pago, que contiene esta información. Recomendación de la OIT sobre Protección de los Salarios, de 1949 (No. 95) | D84: Codigo de Trabajo | E84: https://faolex.fao.org/docs/pdf/gua205813.pdf | F84: 92 | G84: Patronos y trabajadores deben fijar el plazo para el pago del salario, sin que dicho plazo pueda ser mayor de una quincena para los trabajadores manuales, ni de un mes para los trabajadores intelectuales y los servicios domésticos. | H84: N/A | I84: N/A | J84: N/A
A85: Salarios y Contratos | B85: 5.3.8 | C85: El trabajo de igual valor es remunerado con igual salario sin discriminación p. ej. por razón de género, tipo de trabajador, origen étnico, edad, color de piel, religión, opinión política, nacionalidad, origen social, u otras razones. Convenio de la OIT sobre igualdad de remuneración, 1951 (núm. 100) | D85: Codigo de Trabajo | E85: https://faolex.fao.org/docs/pdf/gua205813.pdf | F85: 89 | G85: A trabajo igual, desempeñado en puesto y condiciones de eficiencia y antigüedad dentro de la misma empresa, también iguales, corresponderá salario igual, el que debe comprender los pagos que se hagan al trabajador a cambio de su labor ordinaria. | H85: N/A | I85: N/A | J85: N/A
A86: Salarios y Contratos | B86: 5.3.10 | C86: Si se utilizan proveedores de mano de obra, el productor registra el nombre, los datos de contacto y el número de registro oficial (si lo hay). El proveedor de la mano de obra: • No participa en prácticas de contratación fraudulentas o coercitivas • Cumple con todos los requisitos de trabajadores aplicables relacionados a los requisitos 5.3 y 5.5 del estándar Todos los cargos por contratación son pagados por la finca, no por los trabajadores. Convención de la OIT sobre Agencias de Empleo, de 1997 (No. 181) Por favor, vea el SA-G-SD-46 Guía U: Aplicabilidad a los Proveedores de Servicios | D86: Codigo de Trabajo | E86: https://faolex.fao.org/docs/pdf/gua205813.pdf | F86: 61 | G86: Es obligación de los empleadores registrar 2) Nombres y apellidos de sus trabajadores con expresión de la edad aproximada, nacionalidad, sexo, ocupación, número de días que haya trabajado cada uno y el salario que individualmente les haya correspondido durante dicho año. | H86: N/A | I86: N/A | J86: N/A
A87: Condiciones de Trabajo | B87: 5.5.1 | C87: Los trabajadores no trabajan más de ocho horas normales de trabajo al día, y 48 horas normales por semana. Además, los trabajadores deben tener un descanso de al menos 30 minutos después de un máximo de seis horas trabajadas consecutivamente, y se les garantiza al menos un día entero de descanso después de un máximo de seis días trabajados consecutivamente. El horario normal de trabajo de los guardias no supera las 60 horas semanales o según dicten las normas aplicables, lo que sea más estricto. Convención de la OIT sobre Horas de Trabajo (para la Industria), 1919 (No. 1) Convención de la OIT sobre Horas de Trabajo (para el Comercio y Oficinas), 1930 (No. 30) | D87: Codigo de Trabajo | E87: https://faolex.fao.org/docs/pdf/gua205813.pdf | F87: 117-119 | G87: La jornada ordinaria de trabajo efectivo diurno no puede ser mayor de ocho horas diarias, ni exceder de un total de cuarenta y ocho horas a la semana. | H87: N/A | I87: N/A | J87: N/A
A88: Condiciones de Trabajo | B88: 5.5.2 | C88: El trabajo en horas extra es voluntario y se permite solo si: a) Se solicita de manera oportuna. b) Se paga de conformidad con la legislación nacional o el ANC, lo que sea más alto. En caso de que no exista alguna legislación o convenio colectivo, el pago será de al menos 1,5 veces el salario regular. c) El trabajo de horas extra no impone un riesgo mayor a la salud y la seguridad. Se controlan las tasas de incidentes durante los períodos de horas extra, y se reducen las horas extra si las tasas de accidentes son mayores durante las horas extra de trabajo que durante los períodos de horario normal de trabajo. d) Los trabajadores tienen transporte seguro a casa después del trabajo * e) La semana total de trabajo no supera 60 horas por semana. Para casos excepcionales: consulte h f) Los trabajadores tienen un descanso de al menos 30 minutos después de un máximo de seis horas consecutivas de trabajo y tienen un periodo de descanso de 10 horas consecutivas por cada 24 horas g) Se mantiene un registro del número de horas regulares y de horas extra de cada trabajador* h) Esto es aplicable únicamente para actividades específicas que deben concluirse en un plazo breve de hasta 6 semanas para prevenir la pérdida de la cosecha, incluyendo no solo la siembra, plantación, cosecha y procesamiento de productos frescos: durante un periodo máximo de 12 semanas al año, las horas extras pueden ascender hasta a las 24 horas por semana, y los trabajadores pueden trabajar un máximo de 21 días consecutivos. *En grupos de fincas pequeñas, esto no es aplicable a los trabajadores de los miembros del grupo. Convención de la OIT sobre Horas de Trabajo (para la Industria), 1919 (No. 1) Convención de la OIT sobre Horas de Trabajo (para el Comercio y Oficinas), 1930 (No. 30) Código de la OIT sobre Prácticas de Seguridad y Salud en Agricultura, 2010 Conferencia Internacional del Trabajo, 107ava Sesión, Estudio General en materia de instrumentos sobre tiempo de trabajo, 2018 | D88: Codigo de Trabajo | E88: https://faolex.fao.org/docs/pdf/gua205813.pdf | F88: 121-123 | G88: El trabajo efectivo que se ejecute fuera de los límites de tiempo que determinan los artículos anteriores para la jornada de ordinaria, o que exceda del límite inferior que contractualmente se pacte, constituye jornada extraordinaria y debe ser remunerada por lo menos con un cincuenta por ciento más de los salarios mínimos o de los salarios superiores a estos que hayan estipulado las partes. | H88: N/A | I88: N/A | J88: N/A
A89: Condiciones de Trabajo | B89: 5.5.3 | C89: Los trabajadores permanentes tienen derecho a un permiso parental, derechos y prestaciones remunerados conforme a la legislación aplicable. A falta de una legislación aplicable, las trabajadoras reciben un permiso de maternidad de al menos 12 semanas de duración, de las cuales al menos 6 semanas deben ser posteriores al parto. Pueden volver a su trabajo después de la licencia de maternidad en los mismos términos y condiciones, y sin discriminación, pérdida de su antigüedad o deducción de salarios. A las trabajadoras que están embarazadas, en periodo de lactancia materna o que recientemente dieron a luz se les ofrecen horarios flexibles y arreglos en su lugar de trabajo. Las mujeres que amamantan tienen dos descansos adicionales de 30 minutos por día y espacio para amamantar y cuidar al bebé. Convenio de la OIT no.183 sobre la Protección de la Maternidad, 1952 (No.183) | D89: Codigo de Trabajo | E89: https://faolex.fao.org/docs/pdf/gua205813.pdf | F89: 152, 153 | G89: La madre trabajadora gozará de un descanso retribuido con el ciento por ciento (100%) de su salario durante los treinta (30) días que precedan al parto y los 54 días siguientes; los días que no pueda disfrutar antes del parto, se le acumularán para ser disfrutados en la etapa post-parto, de tal manera que la madre trabajadora goce de ochenta y cuatro (84) días efectivos de descanso durante ese período. Toda trabajadora en época de lactancia puede disponer en el lugar donde trabaja de media hora dos veces al día durante sus labores con el objeto de alimentar a su hijo. La trabajadora en época de lactancia podrá acumular las dos medias horas a que tiene derecho y entrar una hora después del inicio de la jornada o salir una hora antes de que ésta finalice, con el objeto de alimentar a su menor hijo o hija. Dicha hora será remunerada y el incumplimiento dará lugar a la sanción correspondiente para el empleador. | H89: N/A | I89: N/A | J89: N/A
A90: Salud y Seguridad | B90: 5.6.1 | C90: La gerencia lleva a cabo un análisis de los riesgos de seguridad y salud ocupacional dentro del alcance de la certificación con el apoyo del personal o expertos externos con experiencia técnica adecuada. Las medidas pertinentes se estipulan en el plan de la gerencia y se aplican considerando al menos lo siguiente: • Análisis de riesgo • Cumplimiento de las regulaciones • Capacitación de los trabajadores • Procedimientos y equipo para garantizar la salud y seguridad, incluyendo el agua segura para beber Se mantiene un registro del número y tipo de incidentes de salud y seguridad ocupacional (especificados para hombres y mujeres) e incluye los incidentes relacionados al uso de agroquímicos. En el caso de grupos de fincas pequeñas, esto se hace para sus propias instalaciones. Convención de la OIT sobre Seguridad y Salud Ocupacional, 1981 (No. 155) Convención de la OIT sobre Seguridad y Salud en la Agricultura, de 2001 (No. 184). | D90: Reglamento de salud y seguridad ocupacional, Acuerdo Gubernativo Número 229-2014 Codigo de Trabajo | E90: https://www.igssgt.org/wp-content/uploads/2022/04/Acuerdo-Gubernativo-229-2014-y-Reformas-Acuerdo-Gubernativo-33-2016.pdf https://faolex.fao.org/docs/pdf/gua205813.pdf | F90: 7 197 | G90: Es obligación del patrono: a) identificar de manera adecuada, las áreas de almacenamiento de equipos, productos químicos y desechos peligrosos, para minimizar la exposición y el riesgo a la salud de los trabajadores y de la población, así mismo, estos lugares de almacenamiento deben estar diseñados conforme a la normativa nacional vigente. Todo empleador está obligado a adoptar las precauciones necesarias para proteger eficazmente la vida, la seguridad y la salud de los trabajadores en la prestación de sus servicios. | H90: N/A | I90: N/A | J90: N/A
A91: Salud y Seguridad | B91: 5.6.2 | C91: Hay botiquines de primeros auxilios disponibles para los trabajadores para tratar lesiones de trabajo, y se proporciona atención de emergencia de salud, libre de costo, incluido transporte y tratamiento en un hospital. Los botiquines se colocan en ubicaciones centrales de las áreas de producción, procesamiento y mantenimiento. En caso de emergencia, existen medidas apropiadas, como duchas y lavaojos presentes en las instalaciones principales. Hay empleados entrenados en la prestación de primeros auxilios presentes durante los horarios de trabajo. Se informa a los trabajadores a dónde y con quien deben acudir para recibir los primeros auxilios en caso de emergencia. | D91: Reglamento sobre Registro, Comercialización, Uso y Control de Plaguicidas Agrícolas y Sustancias Afines Reglamento General Sobre Higiene y Seguridad en el Trabajo, IGSS Codigo de Trabajo Reglamento de salud y seguridad ocupacional, Acuerdo Gubernativo Número 229-2014 | E91: https://www.grepalma.org/wp-content/uploads/2018/07/Acuerdo-Gub-377-90.pdf https://www.igssgt.org/wp-content/uploads/ley_acceso_info/pdfs/Ley/inciso_6/ReglamentodeSeguridadeHigiene.pdf https://faolex.fao.org/docs/pdf/gua205813.pdf https://www.igssgt.org/wp-content/uploads/2022/04/Acuerdo-Gubernativo-229-2014-y-Reformas-Acuerdo-Gubernativo-33-2016.pdf | F91: artículos 94, 119 106 197 302-304 | G91: Separado de los locales destinados al almacenamiento de plaguicidas debe haber un local que tenga las siguientes facilidades: a) Vestidores para los trabajadores b) Duchas c) Servicios sanitarios y lavados d) Botiquín para primeros auxilios Todos los lugares de trabajo deben tener convenientemente instalados un botiquin medico quirurgico, provisto de todos los elementos indispensables para atender casos de urgencia Todo patrono debe contar con botiquín portátil y accesible, de conformidad con la normativa vigente, establecida en este reglamento. Todo empleador está obligado a Advertir al trabajador de los peligros que para su salud e integridad se deriven del trabajo. | H91: N/A | I91: N/A | J91: N/A
A92: Salud y Seguridad | B92: 5.6.4 | C92: Los trabajadores tienen acceso a suficiente agua segura para beber y en todo momento por uno de los siguientes medios: • Un sistema público de agua segura para beber, o • El gua segura para beber proporcionada por la gerencia que se analiza al menos una vez cada tres años o con mayor frecuencia, si el análisis de riesgo como parte del requisito 5.6.1 identifica un riesgo. La gerencia mantiene las fuentes de agua segura para beber, los sistemas de distribución y los contenedores para prevenir la contaminación. El agua segura para beber almacenada en jarras o recipientes se protege de la contaminación con una tapadera y se remplaza con agua segura y fresca para beber por lo menos cada 24 horas. | D92: Codigo de Trabajo Reglamento de salud y seguridad ocupacional, Acuerdo Gubernativo Número 229-2014. | E92: https://faolex.fao.org/docs/pdf/gua205813.pdf https://www.igssgt.org/wp-content/uploads/2022/04/Acuerdo-Gubernativo-229-2014-y-Reformas-Acuerdo-Gubernativo-33-2016.pdf | F92: 197 artículos 284 al 288 | G92: Todo patrono debe Todo patrono debe contar con botiquín portátil y accesible, de conformidad con la normativa vigente, establecida en este reglamento. Todo centro de trabajo debe disponer de abastecimiento suficiente de agua purificada en proporción al número de trabajadores, de forma gratuita, fácilmente accesible a ellos y distribuidos en lugares próximos a los puestos de trabajo. | H92: N/A | I92: N/A | J92: N/A
A93: Salud y Seguridad | B93: 5.6.7 | C93: Se proporcionan suficientes baños limpios con inodoros que funcionan y estaciones para lavarse las manos, en o cerca de las áreas de producción agrícola, de procesamiento, de mantenimiento, de las oficinas y de las viviendas de los trabajadores. Las instalaciones están divididas por género en el caso en que haya 10 o más trabajadores. Los urinales se separan de los inodoros empleados por las mujeres. Se verifica la seguridad y privacidad de grupos vulnerables, por medio de al menos una buena alimentación e instalaciones que se puedan cerrar con llave. Se permite a los trabajadores frecuentar estos servicios cuando los necesiten. | D93: Reglamento General Sobre Higiene y Seguridad en el Trabajo, IGSS Codigo de Trabajo Reglamento de salud y seguridad ocupacional, Acuerdo Gubernativo Número 229-2014. | E93: https://www.igssgt.org/wp-content/uploads/ley_acceso_info/pdfs/Ley/inciso_6/ReglamentodeSeguridadeHigiene.pdf https://faolex.fao.org/docs/pdf/gua205813.pdf https://www.igssgt.org/wp-content/uploads/2022/04/Acuerdo-Gubernativo-229-2014-y-Reformas-Acuerdo-Gubernativo-33-2016.pdf | F93: 5, 97 al 100 197 293-279 | G93: Todo lugar de trabajo debe disponer de un número de inodoros o letrinas y miningitorios, proporcionado al número de trabajadores. Todo empleador está obligado a Cuidar que el número de instalaciones sanitarias para mujeres y para hombres estén en proporción al de trabajadores de uno u otro sexo, se mantengan en condiciones de higiene apropiadas y estén además dotados de lavamanos; Debe haber al menos un inodoro por cada veinte (20) hombres y otro por cada quince (15) mujeres, cuando el total de los trabajadores sea menor que cien (100). Cuando exceda de este número debe contarse con un inodoro adicional por cada veintiocho (28) trabajadores y existir por lo menos un urinario más por cada veinte (20) trabajadores. | H93: N/A | I93: N/A | J93: N/A
A94: Salud y Seguridad | B94: 5.6.8 | C94: Los trabajadores reciben información en temas de salud, políticas sobre licencia médica y la disponibilidad de servicios médicos primarios, maternos y reproductivos en la comunidad. | D94: Codigo de Trabajo | E94: https://faolex.fao.org/docs/pdf/gua205813.pdf | F94: artículo 197 | G94: Todo empleador está obligado a Efectuar constantes actividades de capacitación de los trabajadores sobre higiene y seguridad en el trabajo | H94: N/A | I94: N/A | J94: N/A
A95: Salud y Seguridad | B95: 5.6.9 | C95: Las personas que trabajan en situaciones peligrosas (por ej. en terrenos difíciles, con maquinaria o con materiales peligrosos), usan Equipo de Protección Personal (EPP) adecuado. Estas personas están capacitadas en el uso de EPP y tienen acceso a EPP sin costo. | D95: Reglamento sobre Registro, Comercialización, Uso y Control de Plaguicidas Agrícolas y Sustancias Afines Reglamento General Sobre Higiene y Seguridad en el Trabajo, IGSS Codigo de Trabajo Reglamento de salud y seguridad ocupacional, Acuerdo Gubernativo Número 229-2014 | E95: https://www.grepalma.org/wp-content/uploads/2018/07/Acuerdo-Gub-377-90.pdf https://www.igssgt.org/wp-content/uploads/ley_acceso_info/pdfs/Ley/inciso_6/ReglamentodeSeguridadeHigiene.pdf https://faolex.fao.org/docs/pdf/gua205813.pdf https://www.igssgt.org/wp-content/uploads/2022/04/Acuerdo-Gubernativo-229-2014-y-Reformas-Acuerdo-Gubernativo-33-2016.pdf | F95: Del 102 al 104, 112, del 116 al 118, del 126 al 128 4 197 205 | G95: . Toda persona debe utilizar el equipo de protección personal recomendado y limpio para cada jornada de trabajo. Cuando se encuentre realizando actividades de formulación, reenvasado, almacenamiento, mezcla y/o aplicación de plaguicidas. Es obligación del patrono el suministro del Equipo de Protección Personal. Todo empleador está obligado a Suministrar cuando sea necesario, ropa y equipo de protección apropiados, destinados a evitar accidentes y riesgos de trabajo. Cuando sea necesario por la peligrosidad, los trabajadores deben contar con el equipo de protección personal, de conformidad con las reglamentaciones especiales que se dicten sobre la materia. | H95: N/A | I95: N/A | J95: N/A
A96: Salud y Seguridad | B96: 5.6.10 | C96: Todas las herramientas empleadas por los trabajadores se encuentran en buenas condiciones. La maquinaria tiene instrucciones claras sobre su uso seguro, que pueden ser comprendidas por los trabajadores, y las partes peligrosas están protegidas o cubiertas. Los trabajadores que emplean esas máquinas tienen la capacitación adecuada, y si lo exige la ley, los operarios de la maquinaria tienen la licencia correspondiente. La maquinaria y el resto del equipo, se guarda de manera segura cuando no está en uso. | D96: Reglamento General Sobre Higiene y Seguridad en el Trabajo, IGSS Codigo de Trabajo | E96: https://www.igssgt.org/wp-content/uploads/ley_acceso_info/pdfs/Ley/inciso_6/ReglamentodeSeguridadeHigiene.pdf https://faolex.fao.org/docs/pdf/gua205813.pdf | F96: 5, 97 al 100 197 | G96: Es obligación del patrono mantener en buen estado de conservación, funcionamiento y uso, la maquinaria, instalaciones y usos. Todo empleador está obligado a prevenir accidentes de trabajo, velando porque la maquinaria, el equipo y las operaciones de proceso tengan el mayor grado de seguridad y se mantengan en buen estado de conservación, funcionamiento y uso, para lo cual deberán estar sujetas a inspección y mantenimiento permanente | H96: N/A | I96: N/A | J96: N/A
A97: Salud y Seguridad | B97: 5.6.11 | C97: Las trabajadoras que están embarazadas, que amamantan o recientemente dieron a luz, no son asignadas a actividades que planteen un riesgo a la mujer, a su hijo aún no nacido o la salud del bebé. En el caso de reasignación de puesto, no se reduce su remuneración. No se solicita prueba de embarazo. | D97: Codigo de Trabajo | E97: https://faolex.fao.org/docs/pdf/gua205813.pdf | F97: 151 | G97: Se prohibe a los patronos: Exigir a las mujeres embarazadas que ejecuten trabajos que requieren esfuerzo físico considerable durante los tres (3) meses anteriores al alumbramiento. | H97: N/A | I97: N/A | J97: N/A
A98: Salud y Seguridad | B98: 5.6.12 | C98: Los trabajadores pueden abandonar situaciones de peligro inminente sin pedir permiso a su patrono y sin sufrir sanciones por ello. | D98: Codigo de Trabajo | E98: https://faolex.fao.org/docs/pdf/gua205813.pdf | F98: 198 | G98: Todo patrono está obligado a acatar y hacer cumplir las medidas que indique el Instituto Guatemalteco de Seguridad Social con el fin de prevenir el acaecimiento de accidentes de trabajo y de enfermedades profesionales. | H98: N/A | I98: N/A | J98: N/A
A99: Salud y Seguridad | B99: 5.6.13 | C99: Los talleres, áreas de almacenamiento e instalaciones de procesamiento son seguras, están limpias y tienen suficiente iluminación y ventilación. Existe un procedimiento claro y escrito para atender accidentes y emergencias. Incluye salidas marcadas para casos de incendio, mapas de evacuación, por lo menos un simulacro de emergencia por año. La gerencia informa a los trabajadores sobre este procedimiento. Hay equipo disponible contra incendios y equipo para remediar el derrame de materiales. Los trabajadores están capacitados en el uso de este equipo. Solo personal autorizado tiene acceso a los talleres, almacenamiento o instalaciones de procesamiento. | D99: Reglamento General Sobre Higiene y Seguridad en el Trabajo, IGSS Codigo de Trabajo Reglamento de salud y seguridad ocupacional, Acuerdo Gubernativo Número 229-2014 | E99: https://www.igssgt.org/wp-content/uploads/ley_acceso_info/pdfs/Ley/inciso_6/ReglamentodeSeguridadeHigiene.pdf https://faolex.fao.org/docs/pdf/gua205813.pdf https://www.igssgt.org/wp-content/uploads/2022/04/Acuerdo-Gubernativo-229-2014-y-Reformas-Acuerdo-Gubernativo-33-2016.pdf | F99: 92 197 302 | G99: En los trabajos con peligro de incendio o explosión, se disponen de alarmas, rociadores y extintores, además, se debe dar a conocer al personal las instrucciones adecuadas de salvamento. Todo patrono que cuente con menos de diez trabajadores debe disponer de: Un plan de prevención de riesgos laborales que incluya como mínimo: perfil de puestos de trabajo; perfil de riesgos de los puestos de trabajo; programa para la prevención de riesgos laborales y uso de equipo de protección; y, primeros auxilios y uso del botiquín. Todo empleador está obligado a prevenir enfermedades profesionales y eliminar las causas que las provocan; Prevenir incendios; Proveer un ambiente sano de trabajo. | H99: N/A | I99: N/A | J99: N/A
A100: Salud y Seguridad | B100: 5.6.14 | C100: Los trabajadores de talleres, zonas de almacenamiento y procesamiento, y otras instalaciones cuentan con un espacio limpio y seguro para comer que ofrezca protección contra el sol y la lluvia. Los trabajadores en el campo pueden disfrutar de su comida protegidos de la lluvia y el sol. | D100: Reglamento sobre Registro, Comercialización, Uso y Control de Plaguicidas Agrícolas y Sustancias Afines Reglamento General Sobre Higiene y Seguridad en el Trabajo, IGSS Codigo de Trabajo Reglamento de salud y seguridad ocupacional, Acuerdo Gubernativo Número 229-2014 | E100: https://www.grepalma.org/wp-content/uploads/2018/07/Acuerdo-Gub-377-90.pdf https://www.igssgt.org/wp-content/uploads/ley_acceso_info/pdfs/Ley/inciso_6/ReglamentodeSeguridadeHigiene.pdf https://faolex.fao.org/docs/pdf/gua205813.pdf https://www.igssgt.org/wp-content/uploads/2022/04/Acuerdo-Gubernativo-229-2014-y-Reformas-Acuerdo-Gubernativo-33-2016.pdf | F100: 121-122 105 197 284-288 | G100: Sólo se permite comer, beber o fumar durante las actividades relacionadas con plaguicidas si las personas cumplen con los siguientes requisitos: a) Encontrarse en locales debidamente acondicionados para tal fin, fuera del área contaminada con plaguicidas. b) Quitarse el equipo de protección personal. c) Lavarse las manos y la cara con agua y jabón. Los comedores deben reunir las condiciones de iluminación, ventilación y cubicación necesarias y mantenerse en las mejores condiciones de limpieza y aseo. Todo empleador está obligado a Que las instalaciones destinadas a ofrecer y preparar alimentos o ingerirlos y los depósitos de agua potable para los trabajadores, sean suficientes y se mantengan en condiciones apropiadas de higiene. Cuando por las características del trabajo, los trabajadores deban comer en los lugares de trabajo, estos contarán con locales adecuados destinados para este propósito y deben contar con el mobiliario, equipo, iluminación, ventilación y lavado de manos necesarios. | H100: N/A | I100: N/A | J100: N/A
A101: Salud y Seguridad | B101: 5.6.15 | C101: Los trabajadores reciben capacitación básica en salud, seguridad e higiene ocupacional y las instrucciones relacionadas se colocan de manera visible en ubicaciones centrales | D101: Reglamento General Sobre Higiene y Seguridad en el Trabajo, IGSS Codigo de Trabajo Reglamento de salud y seguridad ocupacional, Acuerdo Gubernativo Número 229-2014 | E101: https://www.igssgt.org/wp-content/uploads/ley_acceso_info/pdfs/Ley/inciso_6/ReglamentodeSeguridadeHigiene.pdf https://faolex.fao.org/docs/pdf/gua205813.pdf https://www.igssgt.org/wp-content/uploads/2022/04/Acuerdo-Gubernativo-229-2014-y-Reformas-Acuerdo-Gubernativo-33-2016.pdf | F101: 5 197 464 | G101: Es obligación del patrono promover la capacitación de su personal en materia de higiene y seguridad en el trabajo. Todo empleador está obligado a Efectuar constantes actividades de capacitación de los trabajadores sobre higiene y seguridad en el trabajo. Los trabajadores deben recibir instrucciones y capacitación sobre el uso correcto y seguro de las herramientas que hayan de utilizar, a fin de prevenir accidentes. | H101: N/A | I101: N/A | J101: N/A
A102: Salud y Seguridad | B102: 5.6.16 | C102: Los trabajadores que normalmente manejan agroquímicos peligrosos son sometidos a un examen médico por lo menos una vez al año. En caso de exposición regular a organofosforados o carbamato pesticidas, el examen incluye pruebas de colinesterasa. Los trabajadores tienen acceso a los resultados de los exámenes médicos. | D102: Reglamento sobre Registro, Comercialización, Uso y Control de Plaguicidas Agrícolas y Sustancias Afines | E102: https://www.grepalma.org/wp-content/uploads/2018/07/Acuerdo-Gub-377-90.pdf | F102: artículos 114 y 115 | G102: Todo trabajador que esté en contacto con plaguicidas objeto de este Reglamento, deberá hacerse exámenes periódicos, especialmente en lo que se refiere al nivel de colinesterasa para el efecto de los plaguicidas organofosforados y carbamatos y aquel que a juicio del Ministerio de Salud Pública y Asistencia Social o el Instituto Guatemalteco de Seguridad Social sean necesarios; dichas instituciones tendrán a su cargo los citados exámenes. | H102: N/A | I102: N/A | J102: N/A
A103: Capítulo VI: Medio Ambiente
A104: Gestión de Agua Residual | B104: 6.6.1 | C104: Se realizan pruebas del agua residual en todos los puntos de descarga durante el (los) período(s) representativo(s) de operación, y se documentan los resultados. En el caso de grupos de fincas, esto se hace en instalaciones de procesamiento manejadas por el grupo (colectivo) y en una muestra representativa de las operaciones de procesamiento, incluidos los diferentes tipos de sistemas de tratamiento. El agua residual de las operaciones de procesamiento que se descarga a sistemas acuáticos cumple los parámetros de calidad para el agua residual. En su ausencia, cumple los parámetros para el agua residual. El agua residual de las operaciones de procesamiento no se puede mezclar con agua limpia para cumplir los parámetros. | D104: Reglamento de las descargas y reuso de aguas residuales y de la disposición de lodos, Acuerdo Gubernativo Número 236-2006. | E104: https://faolex.fao.org/docs/pdf/gua67171.pdf | F104: 13-24 | G104: La persona individual o jurídica, pública o privada, responsable de generar o administrar aguas residuales de tipo especial, ordinario o mezcla de ambas, que vierten éstas en un cuerpo receptor o al alcantarillado público, deberá realizar la caracterización del afluente, así como del efluente de aguas residuales e incluir los resultados en el estudio técnico. | H104: N/A | I104: N/A | J104: N/A
A105: Gestión de Agua Residual | B105: 6.6.2 | C105: Las aguas negras de humanos, los lodos y el agua de desagües no se emplean para actividades de producción y/o procesamiento. Las aguas residuales no se descargan a ecosistemas acuáticos a menos que se hayan tratado. No es aplicable a fincas pequeñas: Debe demostrarse que el agua tratada cumple con los parámetros legales para la calidad de aguas residuales, o en ausencia de este, con los parámetros para aguas residuales. | D105: Reglamento de las descargas y reuso de aguas residuales y de la disposición de lodos, Acuerdo Gubernativo Número 236-2006. Código de Salud, Decreto 90-97 | E105: https://faolex.fao.org/docs/pdf/gua67171.pdf https://faolex.fao.org/docs/pdf/gua61847.pdf | F105: 34-37 100 | G105: Se prohíbe la disposición de lodos como abono para cultivos comestibles que se pueden consumir crudos o precocidos, hortalizas y frutas, sin haber efectuado su estabilización y desinfeccion respectiva ni haber determinado la ausencia de metales pesados y que no excedan las dos mil unidades formadoras de colonia por kilogramo de coliformes fecales. "La construcción de sistemas privados de disposición de excretas deberán ser diseñados y construidos acatando las disposiciones que sobre la materia establezca el Ministerio de Salud, a fin de no comprometer los mantos friáticos, ni contaminar los cuerpos de agua" | H105: N/A | I105: N/A | J105: N/A
A106: Gestión de Agua Residual | B106: 6.6.3 | C106: Las aguas residuales de las operaciones de procesamiento no se utilizan en los suelos, a menos que hayan pasado por un proceso de tratamiento para eliminar las partículas y toxinas existentes. Si se emplea agua residual para irrigación, además de los parámetros para el agua residual, debe cumplir con los parámetros de agua residual aplicables para irrigación. | D106: Reglamento de las descargas y reuso de aguas residuales y de la disposición de lodos, Acuerdo Gubernativo Número 236-2006. | E106: https://faolex.fao.org/docs/pdf/gua67171.pdf | F106: 59 | G106: Los lodos que presenten metales pesados y que se ajusten a los límites máximos permisibles establecidos en el artículo 42, podrán disponerse como acondicionador del suelo, en cuyo caso se permitirá disponer hasta doscientos mil kilogramos por hectárea por año. En caso de que la aplicación sea como abono se permitirá disponer hasta cien mil kilogramos por hectárea por año. | H106: N/A | I106: N/A | J106: N/A

Sheet Risk Assessment Campo
B1: RAINFOREST ALLIANCE RISK ASSESSMENT 2020 RA STANDARD V1.3
I2: For RA use only
B3: Certification body: | C3: KIWA CYD | I3: Date reviewed:
B4: Country: | C4: Guatemala | I4: Reviewed by:
B5: Date submitted: | C5: 45352 | I5: Approved by:
B6: Contact person: | C6: EDUARDO AGUILERA | I6: Date approved:
B7: (Risk = risks to non-compliance)
B9: Related Topic of the SAS 2020 V1.3 | C9: Related Requirements of the Topic | D9: Description | F9: Risks related to specific… | H9: DESPRECIABLE MENOR MODERADO SINIFICANTE GRAVE | I9: MUY PROBABLE PROBABLE POSIBLE INCREÍBLE MUY IMPROBABLE
E10: Laws | F10: Crop(s) | G10: Region(s) | H10: Severity | I10: Likelihood | J10: Describe the risk | K10: What are the root causes2 | L10: Why is this risk so important? | M10: Interpretation Challenges | N10: Auditing technique to detect & reduce risks
B11: ='Matriz legal finca'!$A23 -> Capítulo I: Gestión
B12: ='Matriz legal finca'!$A24 -> Gestión | C12: ='Matriz legal finca'!$B24 -> 1.1.1 | D12: ='Matriz legal finca'!$C24 -> La administración del grupo demuestra compromiso hacia la agricultura sostenible, a través de destinar los recursos y el personal adecuados para la aplicación del Estándar para la Agricultura Sostenible de Rainforest Alliance. Al menos cada tres años, la administración del grupo evalúa su capacidad, utilizando la Herramienta de Evaluación de la Capacidad de Administración (Anexo S02). La gerencia obtiene un mínimo de un punto por tema, en la herramienta en el primer año de certificación y demuestra una mejora continua con evaluaciones adicionales. Indicador: • Puntuaciones para cada uno de los temas de la Herramienta de Evaluación de la Capacidad de Gestión Por favor consulte el Anexo S02 SA-G-SD-3 Herramienta de Evaluación de la Capacidad de Gestión Por favor consulte el Documento Guía A SA-G-SD-2 Cómo emplear la Herramienta de Evaluación de la Capacidad de Gestión. | E12: ='Matriz legal finca'!$D24 -> N/A | F12: Todos | G12: Todas las regiones | H12: Moderada | I12: Posible | J12: Dificultad para lograr organización en los grupos. Grupos de pequeños productores con deficiencias administrativas. | K12: Para organizaciones campesinas de agricultores es difícil proponer y oficializar una estructura de gobierno y gestión de la organización. Los grupos pequeños pueden tener falta de recursos técnicos y financieros para lograr una adecuada administración. La administracion deficiente puede generar debilidades en capacitacion y control de cumplimiento. | L12: Puede dar paso a discriminación de miembros en cuanto al acceso a beneficios, repartición de ganancias, inclusión o exclusión no transparente de miembros de la organización, así como falta de transparencia y claridad en el diseño e implementación de un sistema de sanciones en relación al cumplimiento de la norma. Al ser un criterio fundamental podría dar como resultado el incumplimiento de la norma. | M12: Puede ser difícil contrastar la evidencia documental (que puede ser incluso inexistente) con la estructura organizativa real. | N12: Revisión documental legalizada. Entrevistas a los miembros de la organización de acuerdo a las reglas de muestreo. Aplicación de auditorías no anunciadas.
B13: ='Matriz legal finca'!$A25 -> Gestión | C13: ='Matriz legal finca'!$B25 -> 1.1.2 | D13: ='Matriz legal finca'!$C25 -> La administración del grupo mejora sus capacidades de gestión, e incluye acciones en el Plan de Manejo. Indicador: • Puntuaciones en cada uno de los temas de la Herramienta de Evaluación de la Capacidad de Gestión Por favor consulte onsulte el Documento Guía B SA-G-SD-3 Plantilla del Plan de manejo | E13: ='Matriz legal finca'!$D25 -> N/A | F13: Todos | G13: Todas las regiones | H13: Significante | I13: Muy improbable | J13: Que no se mida el progreso o no haya. O peor aún que se fabriquen evidencias que no corresponden a la realidad. | K13: Dificultades administrativas, fallas en el sistema de gestión. | L13: Constituye un incumplimiento muy obvio de la norma, puede indicar debilidades mayores. | M13: ¿Cual es el nivel de avance en cumplimiento real? | N13: Revisión documental legalizada. Entrevistas a los miembros de la organización de acuerdo a las reglas de muestreo.
B14: ='Matriz legal finca'!$A26 -> Gestión | C14: ='Matriz legal finca'!$B26 -> 1.1.5 | D14: ='Matriz legal finca'!$C26 -> La gerencia, designa al menos un representante de la gerencia responsable de los siguientes asuntos y forma comité(s) de personas responsables. Un comité puede cubrir más de un asunto: • Mecanismo de quejas (ver 1.5) • Igualdad de género (ver 1.6) • Evaluar y abordar, trabajo infantil, trabajo forzoso, discriminación, violencia y acoso en el trabajo (ver 5.1) El (Los) comité(s): • - Conocen de los problemas y tienen poder de decisión. • Incluir personas responsables que representen a los miembros del grupo de fincas pequeñas, o trabajadores en fincas grandes/operaciones de cadena de suministro, seleccionados por miembros/trabajadores. • Son imparciales, accesibles, sensibles al género y confiables para los miembros/trabajadores del grupo y los grupos vulnerables. • El comité que maneja asuntos de igualdad de género, incluye por lo menos a una mujer. En grupos de fincas pequeñas: puede haber una persona responsable en lugar de (un) comité(s), para género y evaluar y abordar. | E14: ='Matriz legal finca'!$D26 -> Codigo de Trabajo | F14: Todos | G14: Todas las regiones | H14: Moderada | I14: Muy probable | J14: Que no se nombre a una persona o personas adecuadas. O que la division de tareas entre un comité y otro sea difusa. Que el comité esté conformado por personas que no tengan la capacitacion adecuada o la confianza de los trabajadores. En el caso de nombrar un solo responsable que esta persona tenga otros cargos, como recursos humanos o pago de nominas, lo que generaría un conflicto de intereses. Es necesario poner espacila atencion al riesgo particular de la operacion cuando unicamente hay hombres conformando los comites. O si el represetnante es hombre, se debe justificar su capacitacion y capacidades para abordar temas de genero. | K14: Falta de recursos para la capacitacion, cultura que se opone a los principios que debe defender este indicador. | L14: El fallo en estos comites se trae abajo toda la implementacion de evaluar y abordar, lo que puede causar la no certificacion. | M14: Identificar las capacidades del comite y evaluar su efectividad/ aptitud. Saber cuales son las capacitaciones que debe tener el comite o representate y abordar los temas de manera respetuosa pero directa. | N14: Es necesario entrevistar a los trabjadores y miembros de grupo, en especial a grupos vulnerables, es necesario hacer preguntas claras y directas que los miembros de comite deben ser capaces de contestar. Como cual es el procedimiento en caso de una denuncia por violacion? Enfrentarles con esas preguntas fuertes debe revelar si han sido capacitados o no.
B15: ='Matriz legal finca'!$A27 -> Administración | C15: ='Matriz legal finca'!$B27 -> 1.2.1 | D15: ='Matriz legal finca'!$C27 -> "La gerencia cumple con la legislación aplicable y los Acuerdos de Negociación Colectiva (ANC) dentro del alcance del Estándar de Agricultura Sostenible de Rainforest Alliance. Si una ley o un ANC aplicable es más estricta(o) que un requisito del estándar, dicha ley o ANC prevalecerá, salvo que la legislación se vuelva obsoleta. En caso de que una ley o un ANC aplicable sea menos estricto que un requisito contenido en el estándar, el requisito del estándar prevalecerá salvo que el requisito permita de manera explícita, que se aplique dicha ley o ANC." | E15: ='Matriz legal finca'!$D27 -> N/A | F15: Todos | G15: Todas las regiones | H15: Moderada | I15: Posible | J15: Incumplimiento de la legislación nacional y falta de control de las autoridades locales. | K15: El marco legal es pobre, en la mayoría de regiones que no existen CBA que aplicables. El estandar suele ser más estricto que la legislación. | L15: Al ser un criterio fundamental podría dar como resultado el incumplimiento de la norma. | M15: ¿Prevalece la norma sobre la legislación? | N15: Las leyes aplicables se refiere a la normativa social, ambiental, permisos y otras que debe cumplir un operador para su funcionamiento. El equipo auditor deberá ser capacitado sobre estos puntos y en caso de dudas deberá revisar la matriz legal. Si existe una consulta específica que no puede ser resulta contacte al departamento jurídico de Kiwa. En Guatemala la norma de RA suele ser más estricta que la legislación, por lo tanto la norma prevalece.
B16: ='Matriz legal finca'!$A28 -> Administración | C16: ='Matriz legal finca'!$B28 -> 1.2.2 | D16: ='Matriz legal finca'!$C28 -> Hay una lista de los actuales proveedores de servicios, proveedores, intermediarios y subcontratistas. Existen mecanismos para garantizar que cumplan con los requisitos aplicables del Estándar para el trabajo dentro del alcance de la certificación. Para fincas - Esto es válido para el trabajo en campo, el trabajo en procesamiento, y la provisión de mano de obra. - «Proveedores» se refiere únicamente a otras fincas de las que adquieren producto certificado. Por favor consulte el documento de Guía U: Aplicabilidad para los proveedores de servicios | E16: ='Matriz legal finca'!$D28 -> Ley de protección al consumidor y usuario, Decreto Número 06-2003 | F16: Todos | G16: Todas las regiones | H16: Significante | I16: Posible | J16: Incumplimiento de los proveedores de servicios con la legislación nacional y los criterios fundamentales de la norma. Falta de control y monitoreo de proveedores. | K16: Este criterio incluye varios su requisitos, por lo que la falta de cumplimiento de alguno de ellos compromete al criterio, incluso si los otros se cumplen. Dado a que este criterio alude a la identificación y cumplimiento de todas las leyes pertinentes y la norma RA, el riesgo principal está relacionado al incumplimiento de algún su requisito. No todas las operaciones certificadas mantienen un departamento jurídico, lo cual puede dificultar el cumplimiento de un análisis legal. En el caso de pequeños productores, identificar las leyes y cumplir con todas las aplicables es un ejercicio que representa grande dificultad. | L16: Siendo este un criterio fundamental su incumplimiento evitaría la certificación de la operación. Por otra parte el no cumplimiento de una operación certificada podría afectar la imagen de programa. | M16: El "compromiso" puede ser visto como un término subjetivo por lo que su verificación puede ser complicada. La identificación de toda la normativa legal aplicable puede ser compleja si la operación no cuenta con personas con experiencia en el tema, debido a que la ley es difusa. La evaluación a detalle de este criterio puede tomar mucho tiempo al auditor. | N16: Este criterio evalúa en su totalidad el cumplimiento de la normativa RA y nacional, por lo cual se recomienda evaluarlo al final, ya que al verificar el resto de criterios de la norma y el cumplimiento con la legislación nacional, se está evaluando este criterio de manera directa e indirecta. Sin embargo, como se trata en su esencia de un compromiso, se debe tener contacto con la gerencia y la administración de la operación durante la auditoría para poder evaluarlo correctamente. El auditor sigue los lineamientos del departamento jurídico de Kiwa, especialmente los relacionados con la contratación, seguridad y beneficios de los trabajadores así como la protección medio ambiental. Los auditores cuenta con una matriz legal que permitirá identificar las leyes aplicables. Conviene revisar los contratos con proveedores y los mecanismos de control que el productor ejerce sobre sus proveedores.
B17: ='Matriz legal finca'!$A29 -> Administración | C17: ='Matriz legal finca'!$B29 -> 1.2.4 | D17: ='Matriz legal finca'!$C29 -> Se mantiene un registro actualizado de los miembros del grupo que contiene, para cada miembro del grupo, la información necesaria de acuerdo con la plantilla de registro de grupos disponible en la plataforma de certificación Rainforest Alliance. Por favor consulte el Anexo S13, SA-S-SD-14: Registro de los Miembros del Grupo | E17: ='Matriz legal finca'!$D29 -> N/A | F17: Todos | G17: Todas las regiones | H17: Significante | I17: Increible | J17: Existe el riesgo de omitir a algun(os) miembro(s) del grupo, lo que causa que la información del grupo sea inexacta, al igual que el alcance del certificado. | K17: El administrador de grupo realiza un proceso de levantamiento de la información de base inadecuado poco transparente o incompleto. | L17: No se tendría información de la composición real de grupo y por ende los datos del grupo serían inexactos, al igual que su certificado. | M17: ¿Cómo obtener información real de la composición de los miembros del grupo? | N17: Registros de composición del grupo, entrevista con el administrador o gerente del grupo, tomar una muestra significativa del grupo para verificar los datos. Verificación de la relación entre volumenes y áreas productivas.
B18: ='Matriz legal finca'!$A30 -> Administración | C18: ='Matriz legal finca'!$B30 -> 1.2.5 | D18: ='Matriz legal finca'!$C30 -> Se mantiene una lista actualizada de los trabajadores permanentes y temporales, que contiene para cada trabajador: • Nombre completo • Género • Año de nacimiento • Fechas de inicio y finalización del empleo • Salarios En el caso de trabajadores a los que se proporciona vivienda, el registro además contiene: • La dirección de la vivienda • Número de miembros en la familia • Año de nacimiento de los miembros de la familia En el caso de menores que realicen trabajo liviano (12 a 14 años) y de los trabajadores jóvenes (15 a 17 años), el registro además contiene: • La dirección de la vivienda • Nombre y dirección del (los) padre(s) o del (los) custodio(s) legal(es) • Inscripción escolar (si aplica) • Tipo de trabajo o tareas • El número de horas de trabajo por día y por semana Nota sobre la aplicabilidad: para la certificación de la cadena de suministro, este requisito solo es aplicable a los titulares de certificado que presentan alto riesgo en temas sociales, y por consiguiente, deben cumplir los requisitos del Capítulo 5. Social. | E18: ='Matriz legal finca'!$D30 -> Codigo de Trabajo | F18: Todos. | G18: Todas las regiones. | H18: Menor | I18: Posible | J18: Se ha observado en café y banano que hay mano de obra oculta. Se contratan labores a través decontratistas que no reportan a sus trabajadores. Por lo tanto inclimplen la normativa de laboral y de seguridad social. | K18: Poco seguimiento de las entidades regulatorias. Falta de transparencia del productor al utilizar intermediarios de mano de obra informales. | L18: Al ser un criterio fundamental podría dar como resultado el incumplimiento de la norma . | M18: ¿Es necesario que el operador realice el registro de trabajadores permanentes o temporales con un nivel de detalle mayor al solicitado por la legislación? | N18: Al momento de la auditoría deberá incluirse los puntos señalados por la normativa, los mismo que deberán ser verificados en campo por el auditor. Por ejemplo:Incluya en su muestra de entrevistas una amplia gama de labores y areas de la empresa. Verificar a traves de registros de pago que la cantidad de trabajadores a los que se les paga corresponda a la nomina declarada. Se mantiene una lista actualizada de trabajadores permanentes y temporales que contiene, para cada trabajador: Nombre completo, Genero, Año de nacimiento, Fechas de inicio y finalización del empleo. Salarios. Para los trabajadores a los que se proporciona vivienda, el registro contiene adicionalmente: El número de miembros de la familia Para trabajadores jóvenes (15 – 17 años), el registro además contiene: La dirección de la vivienda, Nombre y dirección del (de los) padre(s) o cuidador(es) legal(es), Inscripción en la escuela (de corresponder), Tipo de trabajo o tareas y el número de horas de trabajo diarias y semanal. Para el caso de los trabajadores jóvenes se deberá mantener entrevistas, solicitar registro de liquidaciones de sueldo, pagos en cuenta bancaria, registro de entrada y salida del personal, certificado del colegio o visitar el colegio de ser posible, contrato, registro de labores diarias del personal. Buscar en las nominas de pago, registros de salarios exageradamente altos, que correspondan a trabajo de mas de una persona, que puede indicar que el trabajo de otra persona se está pagando a un lider de grupo o de familia.
B19: ='Matriz legal finca'!$A31 -> Administración | C19: ='Matriz legal finca'!$B31 -> 1.2.6 | D19: ='Matriz legal finca'!$C31 -> En el caso de trabajadores permanentes, se mantienen registros actualizados que contienen, para cada trabajador: • Nombre completo • Género • Año de nacimiento • Salario Los miembros analfabetos del grupo, pueden proporcionar esta información de manera oral. | E19: ='Matriz legal finca'!$D31 -> Codigo de Trabajo | F19: Todos. | G19: Todas las regiones. | H19: Menor | I19: Posible | J19: Se ha observado en café y banano que hay mano de obra oculta. Se contratan labores a través decontratistas que no reportan a sus trabajadores. Por lo tanto inclimplen la normativa de laboral y de seguridad social. | K19: Poco seguimiento de las entidades regulatorias. Falta de transparencia del productor al utilizar intermediarios de mano de obra informales. | L19: Al ser un criterio fundamental podría dar como resultado el incumplimiento de la norma . | M19: ¿Cual es elnumero mínimo para realizar el registro de trabajadores? | N19: La normativa RA no incluye un número mínimo por lo cual debería realizarse a partir de 1 trabajador. Solicite la nómina de los trabajadores, mantenga entrevistas en campo y confirme que los datos de la lista sean coherentes con las entrevistas realizadas. Buscar en las nominas de pago, registros de salarios exageradamente altos, que correspondan al trabajo de mas de una persona, esto puede indicar que el trabajo de otra persona se está pagando a un lider de grupo o de familia.
B20: ='Matriz legal finca'!$A32 -> Administración | C20: ='Matriz legal finca'!$B32 -> 1.2.7 | D20: ='Matriz legal finca'!$C32 -> La gerencia asegura que donde sea que el Estándar de Agricultura Sostenible de Rainforest Alliance exija que se informe de los trabajadores o miembros del grupo, la información se proporciona en el (los) idioma(s) de los trabajadores o miembros del grupo. | E20: ='Matriz legal finca'!$D32 -> N/A | F20: Todos. | G20: Todas las regiones. | H20: Menor | I20: Posible | J20: Aproximadamente un 15% de los trabajadores indígenas en Guatemala no hablan español y las personas en puestos adminstrativos no suelen conocer idiomas mayas. | K20: La gran mayoría de centroamericanos hablan español y los grupos indígenas que conservan su lengua y ademas no hablan español son muy pocos y aislados. Pero muy pocas personas capacitadas para brindar capacitaciones, dar instruccion y generar documentos como contratos, conocen los idiomas oficiales distintos al español. | L20: Es un criterio fundamental , que no siempre puede ser aplicado en todos los documentos de la norma por lo productores. | M20: ¿Qué documentos deben ser traducidos en caso de trabajadores indígenas? ¿Este requisito incluye aspectos legales tales como contratos, liquidaciones de sueldo, entre otros? | N20: En caso de trabajadores indigenas se deberá establecer su origen e idioma. Consultar a la finca como se ha informado sobre los derechos y obligaciones a trabajadores que no hablan español. Mantener entrevista con el personal que no habla español con asistencia de interprete. Revisión documental de contratos , procedimientos de seguridad , capacitaciones y otros pertinentes.
B21: ='Matriz legal finca'!$A33 -> Administración | C21: ='Matriz legal finca'!$B33 -> 1.2.8 | D21: ='Matriz legal finca'!$C33 -> Existe un convenio firmado (o con una marca empleada como firma o una huella dactilar) entre el grupo y cada miembro del grupo, que especifica los derechos y obligaciones de cada parte, incluyendo por lo menos: • La obligación del miembro del grupo de cumplir con el Estándar de Agricultura Sostenible de Rainforest Alliance • La obligación del miembro del grupo de aceptar tanto las inspecciones internas como las auditorías externas y las sanciones • La garantía por el miembro del grupo de que cualquier producto vendido como certificado viene únicamente de su finca • El derecho del miembro del grupo de apelar las decisiones tomadas por la administración del grupo, por medio del uso del procedimiento de quejas. • El convenio del miembro del grupo de compartir los datos de la finca de dicho miembro (como datos geográficos, volúmenes, área, etc.) con la administración del grupo y Rainforest Alliance para su uso, publicación y uso compartido dentro de la cadena de suministro como se describe en los términos y condiciones generales de Rainforest Alliance y su Política de Privacidad. Cada miembro del grupo entiende el convenio. Los convenios se archivan en la oficina central y hay una copia disponible para cada miembro del grupo. | E21: ='Matriz legal finca'!$D33 -> N/A | F21: Todos | G21: Todas las regiones | H21: Menor | I21: Posible | J21: Hay miembros del grupo analfabetos, se les debe leer el contrato y en realidad no se garantiza que entiendan el contenido. Falta de un acuerdo formal o escrito entre el administrador del grupo y sus miembros | K21: Algunos negociaciones podrían realizarse sin un acuerdo escrito, o con una explicacion deficiente o sin pleno conocimeinto de las partes. | L21: Es un criterio fundamental y su incumplimiento podría dar como resultado el incumplimiento de la norma | M21: ¿Este acuerdo debe ser firmado en notaría? ¿Es válido un acuerdo simple entre el productor y administrador? ¿Comprende el miembro de lo que ha firmado? | N21: El auditor deberá solicitar un acuerdo que puede estar expresado de forma escrita o electrónica mediante el cual dos o más partes manifiestan su consentimiento para crear, regular, modificar, transferir o extinguir relaciones jurídicas patrimoniales. Solicitar un acuerdo escrito entre el administrador y los miembros de la finca. Entrevistar a los miembros para verificar que comprenden los términos del acuerdo. Asegurarse que su muestra sea representativa y muestre la diversidad del grupo, asegurando incluir a los grupos más vulnerables.
B22: ='Matriz legal finca'!$A34 -> Administración | C22: ='Matriz legal finca'!$B34 -> 1.2.9 | D22: ='Matriz legal finca'!$C34 -> Para propósitos de certificación y cumplimiento, los registros se conservan durante por lo menos cuatro años. | E22: ='Matriz legal finca'!$D34 -> N/A | F22: Todos | G22: Todas las regiones | H22: Menor | I22: Posible | J22: Pérdida de documentos y desorden del sistema de gestión | K22: Pérdida de archivos del sistema de gestión, por desastre natural y/o mala gestión en el archivo de documentos de los operadores | L22: Garantizar la trazabilidad de la información y tener los respaldos legales en caso de auditorías externas o de los entes de control nacionales. | M22: ¿Se puede aceptar documentos en digital? | N22: Los documentos del sistema de gestión debe ser archivados por al menos 4 años. En caso de pérdida de los documentos o robo se deberá solicitar una denuncia ante la autoridad competente. Respecto a la revisión de documentos se pueden solicitar registros, planes, programas u otros de años anteriores. Es aceptable que el operador presente los registros en digital.
B23: ='Matriz legal finca'!$A35 -> Administración | C23: ='Matriz legal finca'!$B35 -> 1.2.10 | D23: ='Matriz legal finca'!$C35 -> Se encuentra disponible un mapa actualizado de la finca (fincas grandes) o del área de la finca (grupo de fincas pequeñas), que incluye: • Fincas/unidades de fincas/zonas de producción • Instalaciones de procesamiento • Áreas de presencia humana • Escuelas • Centros médicos /instalaciones de primeros auxilios • Ecosistemas naturales, incluidos cuerpos de agua y bosques, y otra vegetación natural existente • Zonas de amortiguamiento ribereño • Sistemas agroforestales • Áreas protegidas El mapa también incluye áreas de riesgo identificadas en la Evaluación de Riesgos (ver 1.3.1). La fecha de la actualización más reciente se muestra en el mapa. Por favor consulte el Documento Guía C SA-G-SD-4 Cómo crear un mapa de finca. | E23: ='Matriz legal finca'!$D35 -> Ley del Registro de Información Catastral Decreto Número 41-2005 | F23: Todos | G23: Todas las regiones | H23: Moderada | I23: Muy improbable | J23: Dificultad de cceso a mecanismo de capacitación a los operadores | K23: Al ser una herramienta relativamente nueva y no conocida por el productor puede existir un problema de interpretación de lo que hay que incluir. | L23: Siendo este un criterio fundamental, su incumplimineto evitaría la certificación de la operación, si no existe claridad sobre lo que debe incluirse en el mapa y cada cuanto tiempo se tiene que utilizar esta herramienta. | M23: ¿Qué cosas de la herramienta de riesgos debe incluirse en el mapa? | N23: Se deben analizar los puntos de este criterio en detalle con la administración, en especial el criterio 1.3 y Anexo 3 Herramienta de evaluación de riesgos en la finca. Se deberá tener especial cuidado en zonas sensibles como ecosistemas acuáticos y terrestres, centros poblados, edificios educativos, salud y otros; zonas de amortiguamiento, solicitar mapa de riesgos del departamento de salud y seguridad ocupacional.
... B46: ='Matriz legal finca'!$A58 -> Jóvenes Agricultores y Trabajadores | C46: ='Matriz legal finca'!$B58 -> 1.7.1 | D46: ='Matriz legal finca'!$C58 -> La gerencia promueve la participación y desarrollo de las personas jóvenes (< 35 años) en la agricultura y en actividades gerenciales • Motiva su participación en actividades agrícolas • Apoya el desarrollo de sus destrezas, incluido el alfabetismo y las destrezas numéricas • Promueve su participación en la capacitación y en la toma de decisiones • Los anima a convertirse en productores La gerencia, define objetivos para (una selección de) los indicadores propuestos y da seguimiento anual a su avance en relación con sus objetivos, desagregados por género. Indicadores: • # y % de miembros de grupo que son personas jóvenes (menores de 35 años) • # y % de participantes en capacitación que son personas jóvenes (menores de 35 años) • # y % de instructores jóvenes (menores de 35 años) • # y % de inspectores internos jóvenes (menores de 35 años) • # y % de productores jóvenes con acceso a tierra (menores de 35 años) • # y % de personas jóvenes (menores de 35 años) en puestos gerenciales | E46: ='Matriz legal finca'!$D58 -> N/A | F46: Todos | G46: Todas las regiones | H46: Menor | I46: Increible | J46: Dificultades para lograr el relevo generacional | K46: Poco involucramiento de las personas jovenes en la industria | L46: Este es un medidor inteligente, cada operación evalúa su posibilidad de cumplimiento | M46: Objetividad en la definicion de parámetros de autoevalucion | N46: Revisar los parámetros definidos y contratar las evindecias de cumplimiento. Contrastar contra la realidad de la oepracion in situ.
B47: ='Matriz legal finca'!$A59 -> Capítulo II: Trazabilidad | E47: ='Matriz legal finca'!$D59 -> 0
B48: ='Matriz legal finca'!$A60 -> Trazabilidad | C48: ='Matriz legal finca'!$B60 -> 2.1.1 | D48: ='Matriz legal finca'!$C60 -> El total de la producción certificada y la producción certificada para cada productor (en kg., en tallos para el caso de flores) se estima una vez al año. Los cálculos se basan en una metodología creíble para la estimación de rendimientos (en kg/ha, tallos/ha para el caso de flores) de una muestra representativa de fincas o unidades de fincas. La metodología y el cálculo se documentan. Indicador: • Volumen estimado de producción certificada (kg o tallos) Por favor consulte el Documento Guía G SA-G-SD-8: Estimación de rendimientos | E48: ='Matriz legal finca'!$D60 -> N/A | F48: Todos | G48: Todas las regiones | H48: Moderada | I48: Posible | J48: Estimación erronea de los volumenes. Presentar infomacion incompleta o errónea. | K48: No considerar el historico productio de la plantación. | L48: Al ser un criterio fundamental podriar dar como resultado el incumplimiento de la norma. | M48: Como determinar si el volumen estimado es real a la capacidad productiva dela plantación. | N48: Revisión de registros de producción, revisión de historico de entregas. Revisar recibos y facturas, balance de masas. Entrevistas a las areas de producción y comercializacion.
B49: ='Matriz legal finca'!$A61 -> Trazabilidad | C49: ='Matriz legal finca'!$B61 -> 2.1.2 | D49: ='Matriz legal finca'!$C61 -> La gerencia registra anualmente las existencias de: • El total de la producción cosechada certificada (en kg, en tallos para el caso de flores) • El balance entre productos comprados, producidos, vendidos y en existencia En caso de que la diferencia entre la producción estimada y la producción real sea >15 %, se ofrece una justificación razonable, y se toman medidas para impedir que ocurran dichas diferencias. En el caso de grupos, las diferencias se verifican y justifican tanto para el grupo como para los miembros individuales. Indicador: • La producción total cosechada del cultivo certificado (kg o tallos) | E49: ='Matriz legal finca'!$D61 -> N/A | F49: Todos | G49: Todas las regiones | H49: Moderada | I49: Posible | J49: Estimación erronea de los volumenes. Presentar infomacion incompleta o errónea. | K49: No considerar el historico productio de la plantación. | L49: Al ser un criterio fundamental podriar dar como resultado el incumplimiento de la norma. | M49: Como determinar si el volumen estimado es real a la capacidad productiva dela plantación. | N49: Revisión de registros de producción, revisión de historico de entregas. Revisar recibos y facturas, balance de masas. Entrevistas a las areas de producción y comercializacion. Solictar la justificación si se encuentra una brecha del 15% entre el estimado y la produccion real. Si es por debajo, una plaga o evento natural, si es por encima debe haber una jsutificacion con inversion asociada.
B50: ='Matriz legal finca'!$A62 -> Trazabilidad | C50: ='Matriz legal finca'!$B62 -> 2.1.3 | D50: ='Matriz legal finca'!$C62 -> Los productos certificados se segregan visualmente de los productos no certificados en todas las etapas, incluidas los de transporte, almacenamiento y procesamiento. Esto no es aplicable a productos de balance de masa. | E50: ='Matriz legal finca'!$D62 -> N/A | F50: Todos | G50: Todas las regiones | H50: Significante | I50: Muy probable | J50: Mezcla de producto certificado con no certificado y comercializacion deproducto no certificado como certificado. | K50: Áreas de almacenamiento no identificadas desde el acopio. Mezcla en la conformación de lotes. Falta detransparencia en la cadena de suministro. | L50: Al ser un criterio fundamental podriar dar como resultado el incumplimiento de la norma. Afecta la credibilidad del programa. | M50: Cuales medidas de segregación son aceptables? | N50: Revisión de los balances. Observacion fisica del proceso de segregación e identificacion de los lotes. Etiquetado del producto final. Entrevistas sobre el proceso de manejo de producto certificado y convencional.
B51: ='Matriz legal finca'!$A63 -> Trazabilidad | C51: ='Matriz legal finca'!$B63 -> 2.1.4 | D51: ='Matriz legal finca'!$C63 -> La gerencia ha mapeado el flujo del producto hasta su ubicación final del alcance del certificado, incluyendo a todos los intermediarios (puntos de recolección, transporte, unidades de procesamiento, almacenes, etc.) y actividades realizadas sobre el producto. | E51: ='Matriz legal finca'!$D63 -> N/A | F51: Todos | G51: Todas las regiones | H51: Significante | I51: Posible | J51: Diagrama de fujo incompleto en base a la cadena de suminstro. | K51: Podrian omitirse datos de productores y puntos de acopio en la elaboracion del diagrama de flujo | L51: Al ser un criterio fundamental podriar dar como resultado el incumplimiento de la norma. Afecta la credibilidad del programa. | M51: Que se debe incluir en el diagrama de flujo? | N51: Registros de entrega. Entrevista con los productores preguntando donde entregan el producto. Todos los centros de acopio, sitios de producción, almacenamiento y proceso deben estar incluidos en el diagrama de flujo.
B52: ='Matriz legal finca'!$A64 -> Trazabilidad | C52: ='Matriz legal finca'!$B64 -> 2.1.5 | D52: ='Matriz legal finca'!$C64 -> Los productos que se venden como certificados se pueden rastrear hasta la(s) finca(s) certificada(s) donde fueron producidos. La gerencia mantiene los documentos de compras y ventas vinculados a las entregas físicas de los productos certificados, con certificaciones múltiples y no certificados, y la gerencia asegura que todos los intermediarios hagan lo mismo. Los documentos de compras y ventas incluyen datos, tipo de producto (porcentaje) de volumen certificado, miembro del grupo y si corresponde, tipo de trazabilidad. En caso de certificación de un grupo, la administración del grupo garantiza que los miembros del grupo reciban un recibo por cada entrega del miembro del grupo al grupo o a un intermediario, especificando el nombre del miembro del grupo, la identificación (ID) del miembro del grupo, la fecha, el tipo de producto y el volumen. | E52: ='Matriz legal finca'!$D64 -> N/A | F52: Todos | G52: Todas las regiones | H52: Moderada | I52: probable | J52: Que no resgistre de forma correcta el trasiego de producto certificado o se manipulen los recibos o registros de proceso. | K52: Una operación poco transparente. | L52: Al ser un criterio fundamental podriar dar como resultado el incumplimiento de la norma. Afecta la credibilidad del programa. | M52: identificacion y verificación de que el producto vendido correspnda al volumen real del producto certificado | N52: Registros de compra y venta del grupo. Contrastar con los registros de proceso, acopio. Verificar que el producto vendido corresponda con los volumenes aprobados de producto certificado.
B53: ='Matriz legal finca'!$A65 -> Trazabilidad | C53: ='Matriz legal finca'!$B65 -> 2.1.6 | D53: ='Matriz legal finca'!$C65 -> Los envíos de productos certificados no superan la producción total (en el caso de las fincas), la compra de productos certificados más los saldos de existencias que quedan del año anterior. | E53: ='Matriz legal finca'!$D65 -> N/A | F53: Todos | G53: Todas las regiones | H53: Moderada | I53: probable | J53: Que no resgistre de forma correcta el trasiego de producto certificado o se manipulen los recibos o registros de proceso. | K53: Una operación poco transparente. | L53: Al ser un criterio fundamental podriar dar como resultado el incumplimiento de la norma. Afecta la credibilidad del programa. | M53: identificacion y verificación de que el producto vendido correspnda al volumen real del producto certificado | N53: Registros de compra y venta del grupo. Contrastar con los registros de proceso, acopio. Verificar que el producto vendido corresponda con los volumenes aprobados de producto certificado.
B54: ='Matriz legal finca'!$A66 -> Trazabilidad | C54: ='Matriz legal finca'!$B66 -> 2.1.7 | D54: ='Matriz legal finca'!$C66 -> No se realiza venta duplicada de volúmenes: los productos vendidos como producto convencional o vendidos a través de otro esquema o iniciativa de sostenibilidad, no se venden como Certificados Rainforest Alliance. Vender productos que están certificados a través de más de un esquema es posible. | E54: ='Matriz legal finca'!$D66 -> N/A | F54: Todos | G54: Todas las regiones | H54: Moderada | I54: probable | J54: Que no resgistre de forma correcta el trasiego de producto certificado o se manipulen los recibos o registros de proceso. | K54: Una operación con la integridad de datos comprometida y/o mal manejo de registros | L54: Al ser un criterio fundamental podriar dar como resultado el incumplimiento de la norma. Afecta la credibilidad del programa. | M54: identificacion y verificación de que el producto vendido correspnda al volumen real del producto certificado | N54: Registros de compra y venta del grupo. Contrastar con los registros de proceso, acopio. Verificar que el producto vendido corresponda con los volumenes aprobados de producto certificado.
B55: ='Matriz legal finca'!$A67 -> Trazabilidad | C55: ='Matriz legal finca'!$B67 -> 2.1.8 | D55: ='Matriz legal finca'!$C67 -> Los miembros del grupo conservan los recibos de ventas (electrónicos o físicos), incluido el nombre del miembro del grupo, la identificación (ID) del miembro del grupo, la fecha, el tipo de producto y volumen. | E55: ='Matriz legal finca'!$D67 -> Ley del Impuesto al Valor Agregado | F55: Todos | G55: Todas las regiones | H55: Moderada | I55: probable | J55: Perdida de recibos que no permita auditar volumenes entregados. | K55: Almacenameinto inadecuado de los recibos. | L55: Al ser un criterio fundamental podriar dar como resultado el incumplimiento de la norma. | M55: Ubicar los recibos | N55: Verificación de los registros de producción contra los recibos existentes. Verificar con la administracion del grupo los respaldos de los recibos.
B56: ='Matriz legal finca'!$A68 -> Trazabilidad | C56: ='Matriz legal finca'!$B68 -> 2.1.9 | D56: ='Matriz legal finca'!$C68 -> La metodología correcta para el cálculo de factores de conversión se demuestra y documenta para cada producto certificado y se refleja de manera correspondiente en la plataforma de trazabilidad. Por favor consulte el Anexo del Capítulo 2 SA-S-SD-20: Trazabilidad | E56: ='Matriz legal finca'!$D68 -> N/A | F56: Todos | G56: Todas las regiones | H56: Moderada | I56: probable | J56: Reporte de volumenes aprovechables irreales | K56: Modificar los factores de conversión para mejorar rendimiento | L56: Al ser un criterio fundamental podriar dar como resultado el incumplimiento de la norma. | M56: identificacion de factores de conversion reales para cada producto | N56: Verificar que los factores de conversión sean congruentes con los promedios de la industria. Y revisar volumenes de compra y venta.
B57: ='Matriz legal finca'!$A69 -> Trazabilidad | C57: ='Matriz legal finca'!$B69 -> 2.1.10 | D57: ='Matriz legal finca'!$C69 -> El equipo empleado para definir el peso o volumen del producto certificado, se calibra anualmente. | E57: ='Matriz legal finca'!$D69 -> N/A | F57: Todos | G57: Todas las regiones | H57: Menor | I57: Posible | J57: Calibracion inadecuada de las balanzas o falta de calibración | K57: Calibracion inadecuada intencional de las balanzas para beneficio del comprador. | L57: Al ser un criterio fundamental podriar dar como resultado el incumplimiento de la norma. | M57: Como verificar la calibración adecuada de las balanzas | N57: Registros de calibracion y verificar frecuencia. Utilizar un peso fijo y hacer pruebas aleatorias de las balanzas.
B58: ='Matriz legal finca'!$A70 -> Trazabilidad en Plataforma en Línea | C58: ='Matriz legal finca'!$B70 -> 2.2.1 | D58: ='Matriz legal finca'!$C70 -> Los volúmenes vendidos como certificados, se registran en la Plataforma de trazabilidad de Rainforest Alliance, a más tardar dos semanas después del final del trimestre en el que se realizó el envío. Por favor consulte el Anexo del Capítulo 2 SA-S-SD-20: Trazabilidad | E58: ='Matriz legal finca'!$D70 -> N/A | F58: Todos | G58: Todas las regiones | H58: Moderada | I58: Posible | J58: Uso inadecuado o no uso de la plataforma de trazabilidad por parte de los operadores | K58: Que la persona encargada no monitoree los tiempos y cantidades en la plataforma. | L58: Al ser un criterio fundamental podriar dar como resultado el incumplimiento de la norma. | M58: Que se debe revisar en la plataforma? | N58: Verificar que se coloquen ventas coherentes con el sistema de producción. Que se respeten los plazos. Que el balance de masas presentado sea coherente con las facturas, recibos y registros de producción presentados. Entrevistas con el personal encargado de manejo de la plataforma.
B59: ='Matriz legal finca'!$A71 -> Trazabilidad en Plataforma en Línea | C59: ='Matriz legal finca'!$B71 -> 2.2.2 | D59: ='Matriz legal finca'!$C71 -> Los compradores de un producto Certificado Rainforest Alliance, tienen establecido un procedimiento para verificar periódicamente que, las transacciones que están en la plataforma de trazabilidad, concuerden con las facturas de los productos certificados comprados y/o enviados. | E59: ='Matriz legal finca'!$D71 -> N/A | F59: Todos | G59: Todas las regiones | H59: Moderada | I59: Posible | J59: Uso inadecuado o no uso de la plataforma de trazabilidad por parte de los operadores | K59: Que la persona encargada no monitoree los tiempos y cantidades en la plataforma. | L59: Al ser un criterio fundamental podriar dar como resultado el incumplimiento de la norma. | M59: Que se debe revisar en la plataforma? | N59: Verificar que se coloquen ventas coherentes con el sistema de producción. Que se respeten los plazos. Que el balance de masas presentado sea coherente con las facturas, recibos y registros de producción presentados. Entrevistas con el personal encargado de manejo de la plataforma.
... B66: ='Matriz legal finca'!$A78 -> Balance de Masas | C66: ='Matriz legal finca'!$B78 -> 2.3.5 | D66: ='Matriz legal finca'!$C78 -> El movimiento de volúmenes de balance de masas de un titular de certificado a otro, siempre deberá ir acompañado del envío físico del producto correspondiente. El comercio de volumen sin un envío físico solo puede darse entre sitios cubiertos por el mismo alcance del certificado. | E66: ='Matriz legal finca'!$D78 -> N/A | F66: Todos | G66: Todas las regiones | H66: Moderada | I66: Posible | J66: Falta de registros de exportación por parte del operador | K66: Podría no existir un registro de las ventas a nivel país como certificado Rainforest Alliance o la exportadora se niegue a dar acceso a este información al productor. La cadena de venta de la finca es hasta la venta de producto a la exportado. | L66: Al ser un criterio fundamental podría dar como resultado el incumplimiento de la norma . | M66: ¿Cuáles son los registros de ventas país? | N66: Son los certificados de exportación otorgados por la autoridad competente en los cuales se describe si el producto lleva algún tipo de certificación. Al momento de la visita solicitar balance de masas, registro de exportación del producto y constatar que los registros del balance coincidan con los de la autoridad nacional. Es importante que se mantenga contacto previo con la exportadora para solicitar los documentos de embarque y destino final del producto certificado.
B67: ='Matriz legal finca'!$A79 -> Capítulo III: Ingresos y Responsabilidad Compartida | E67: ='Matriz legal finca'!$D79 -> 0
B68: ='Matriz legal finca'!$A80 -> Costos de Producción e Ingreso Digno | C68: ='Matriz legal finca'!$B80 -> 3.1.1 | D68: ='Matriz legal finca'!$C80 -> La administración del grupo reúne datos sobre los principales factores determinantes de los costos de producción (por ej. costos de fertilizante, agroquímicos, mano de obra pagada, equipo) y calcula el ingreso neto proveniente del cultivo certificado para una muestra de miembros del grupo (es decir, ingreso bruto – costos de producción = ingreso neto). La administración del grupo comparte los datos analizados con los miembros del grupo. Indicador: Costos de producción por kg de producto cosechado Ingreso neto del cultivo certificado por kg. de producto cosechado. | E68: ='Matriz legal finca'!$D80 -> N/A | F68: Todos | G68: Todas las regiones | H68: Significante | I68: Posible | J68: Que no se tome en cuenta la realidad de grupos vulnerables de productores en el calculo de los costos de producción. | K68: En los grupos de productores pequeños que son muy numerosos y dispersos hay dificultad para que los análisis y apoyos tecnicos lleguen a las áreas mas alejadas y a los productores co nvolumenes bajos de producción | L68: Estes es un indicador de mejora autoseleccionada que permite entender si la operación es justa para con todos los productores. | M68: Como determinar que el ingreso neto sea real para todos los productores miembros del grupo? | N68: Seleccione una muestra amplia y representativa de los productores y solicite costos/ingresos para cada region como insumo para evaluar los calculos de ingreso neto para los productores en la muestra. Conduzca entrevistas que permitan determinar si los numeros presentados se acercan a la realidad de los productores.
B69: ='Matriz legal finca'!$A81 -> Costos de Producción e Ingreso Digno | C69: ='Matriz legal finca'!$B81 -> 3.1.2 | D69: ='Matriz legal finca'!$C81 -> El ingreso neto real de los hogares de los miembros del grupo, se evalúa con respecto al Punto de Referencia del Ingreso Digno para tener una muestra de miembros del grupo. Indicador: Ingreso neto promedio y medio Brecha promedio y media con respecto al punto de referencia del Ingreso Digno (monetaria y %) % de productores que cumplen con el Punto de Referencia del Ingreso Digno Por favor consulte el Anexo del Capítulo 3 SA-S-SD-20: Ingreso y responsabilidad compartida | E69: ='Matriz legal finca'!$D81 -> N/A | F69: Todos | G69: Todas las regiones | H69: Significante | I69: Posible | J69: Que no se tome en cuenta la realidad de grupos vulnerables de productores en el calculo de la brecha de ingreso digno. | K69: En los grupos de productores pequeños que son muy numerosos y dispersos hay dificultad para que los análisis y apoyos tecnicos lleguen a las áreas mas alejadas y a los productores co nvolumenes bajos de producción | L69: Estes es un indicador de mejora autoseleccionada que permite entender si la operación es justa para con todos los productores. | M69: Como saber si la brecha presentada es real para todos los productores miembros del grupo. | N69: Seleccione una muestra amplia y representativa de los productores y solicite costos/ingresos para cada region como insumo para evaluar los calculos de ingreso neto para los productores en la muestra. Conduzca entrevistas que permitan determinar si los numeros presentados se acercan a la realidad de los productores.
B70: ='Matriz legal finca'!$A82 -> Diferencial para la sostenibilidad | C70: ='Matriz legal finca'!$B82 -> 3.2.1 | D70: ='Matriz legal finca'!$C82 -> La administración del grupo transfiere el monto total del Diferencial de Sostenibilidad de Rainforest Alliance en efectivo u otro pago monetario, a los miembros del grupo: • En forma prorrateada, con base en los volúmenes entregados • De manera oportuna y conveniente, por lo menos antes de la siguiente estación del cultivo o por lo menos una vez al año, en el caso de cosecha continua Por lo menos anualmente, la administración del grupo: • Documenta el Diferencial de Sostenibilidad de Rainforest Alliance recibido en volumen. Se mantienen registros separados para los pagos del Diferencial de Sostenibilidad de cada comprador que se distinguen claramente del precio de mercado, otras primas, como las primas de calidad o las primas específicas de cultivos y países, como el Diferencial de Ingreso Digno. • Comunica a los miembros del grupo el Diferencial de Sostenibilidad recibido por el cultivo certificado • Documenta el pago del Diferencial de Sostenibilidad de Rainforest Alliance a los miembros del grupo Indicadores: Monto del Diferencial de Sostenibilidad de Rainforest Alliance recibido: • Monto total recibido por la administración del grupo • Monto recibido por volumen a nivel de miembro de grupo | E70: ='Matriz legal finca'!$D82 -> N/A | F70: Todos | G70: Todas las regiones | H70: Significante | I70: Muy probable | J70: Puede no existir diferencial por el producto certificado y en caso de haberlo no ser distribuido para beneficio de los productores. Falta de transparencia sobre el premio del producto y distribución entre los operadores | K70: Los compradores del producto certificado no siempre están de acuerdo en pagar más por un producto certificado. Los beneficios pueden ser utilizadas para otros fines diferentes al beneficio de los productores. Puede existir dificultad en establecer si el premio del producto certificado es distribuido equitativamente entre todos los miembros del grupo. | L70: Al ser un criterio fundamental podría dar como resultado el incumplimiento de la norma . El esfuerzo de los operadores debe ser reflejado en un beneficio económico. El beneficio puede ser utilizado para mejorar otras consideradas como más prioritarias | M70: ¿Cómo identificar el beneficio por la venta del producto certificado y su uso en beneficio de los productores? ¿Cuáles son las formas en las que el premio puede repartirse entre los agricultores? ¿Qué pasa si el premio no se divide de manera equitativa? ¿Se puede dar premio dependiendo del volumen aportado? ¿Cómo calcular el diferencial? | N70: El premio puede deberá ser entregado en dinero a cada productor por el número total de kg entregados. El premio tiene que dividirse de manera equitativa e igual a cada uno de los productores en relación con el volumen aportado. El diferencial deberá ser calculado en base al costo del producto del mercado menos el precio negociado que dará el diferencial obtenido, dividido para el total de kg negociados. Así el diferencia por kg es el que debería ser entregado a cada agricultor. Durante la auditoría deberá solicitar el pago realizado por el comprador en cuenta bancaria y la distribución de estos recursos a los productores del grupo, para lo cual deberá solicitar el pago de realizado. Mantenga entrevistas con los miembros del grupo para asegurar su diferencia a sido pagado, solicitar pago de diferencial en las cuantas del productor. Incluir la revisión de contratos comerciales para la venta del producto, facturas y pago en banco por el producto certificado. Mantener entrevistas con la alta gerencia de la finca y administradores. Observar que el beneficio sea utilizado para le beneficio de los productores mediante entrevista a esto y sus representantes.
B71: ='Matriz legal finca'!$A83 -> Diferencial para la sostenibilidad | C71: ='Matriz legal finca'!$B83 -> 3.2.2 | D71: ='Matriz legal finca'!$C83 -> El Diferencial de Sostenibilidad de Rainforest Alliance se gasta en beneficio del productor y/o de los trabajadores. Por lo menos una vez al año, documentos de la gerencia de la finca; El Diferencial de Sostenibilidad recibido por volumen. Se mantienen registros separados para los pagos del Diferencial de Sostenibilidad de cada comprador, que se diferencian claramente del precio del mercado, otras primas, como primas de calidad o primas específicas de cultivos y país. Cómo se ha gastado el Diferencial de Sostenibilidad A) para beneficio del productor y/o B) para beneficio de los trabajadores, incluidas las categorías especificadas. Si el Diferencial de Sostenibilidad se gasta en beneficio de los trabajadores, la gerencia de la finca consulta con los representantes de los trabajadores sobre las prioridades y la asignación del Diferencial de Sostenibilidad. El Diferencial de Sostenibilidad se puede asignar a las siguientes categorías: salarios, condiciones de trabajo, salud y seguridad, y vivienda. Indicador: Monto del Diferencial de Sostenibilidad de Rainforest Alliance recibido (total y por volumen) Distribución del Diferencial de Sostenibilidad como % del monto total recibido, en A) uso propio, y B) beneficios para los trabajadores, para las categorías a) salarios; b) condiciones de trabajo; c) salud y seguridad; d) vivienda. | E71: ='Matriz legal finca'!$D83 -> N/A | F71: Todos | G71: Todas las regiones | H71: Significante | I71: Muy probable | J71: Puede no existir diferencial por el producto certificado y en caso de haberlo no ser distribuido para beneficio de los trabajadores. Falta de identificación de las necesidades de los trabajadores. | K71: Los compradores del producto certificado no siempre están de acuerdo en pagar más por un producto certificado. Los beneficios pueden ser utilizadas para otros fines diferentes al beneficio de los trabajadores. Puede realizarse arreglos entre el representante y la finca y no incluir la opinión de todos los trabajadores de esta forma el premio ser utilizado solamente por la opinión del empleador. | L71: Al ser un criterio fundamental podría dar como resultado el incumplimiento de la norma . El esfuerzo de los operadores debe ser reflejado en un beneficio económico. El beneficio puede ser utilizado para mejorar otras consideradas como más prioritarias | M71: ¿Cómo identificar el beneficio por la venta del producto certificado y su uso en beneficio de los trabajadores? ¿cómo establecer que el representante esta solicitando se utilice el premio para mejorar las condiciones de los trabajadores? | N71: Realizar entrevistas a los trabajadores respecto a si se les ha consultado sobre cómo utilizar este premio. Revisar actas de reunión del personal o representantes de los trabajadores. Solicitar recibos de entrada, facturas o documentos respecto al uso del diferencial de acuerdo a lo solicitado por los trabajadores. Incluir la revisión de contratos comerciales para la venta del producto, facturas y pago en banco por el producto certificado. Mantener entrevistas con la alta gerencia de la finca y administradores. Observar que el beneficio sea utilizado para le beneficio de los trabajadores mediante entrevista a esto y sus representantes.
B72: ='Matriz legal finca'!$A84 -> Diferencial para la sostenibilidad | C72: ='Matriz legal finca'!$B84 -> 3.2.3 | D72: ='Matriz legal finca'!$C84 -> Los titulares de certificado responsables, pagan el Diferencial de Sostenibilidad en forma de pago monetario además del precio del mercado, de primas por calidad u otros diferenciales. El Diferencial de Sostenibilidad no puede pagarse en especie. Por favor consulte el Anexo del Capítulo 3 SA-S-SD-20: Ingreso y responsabilidad compartida | E72: ='Matriz legal finca'!$D84 -> N/A | F72: Todos | G72: Todas las regiones | H72: Menor | I72: Posible | J72: Prácticas inadecuadas en el pago por la compra del producto | K72: Podría existir un pago de manera documental, pero un vuelto por parte del producto, lo cual sería sumamente difícil de comprobar | L72: Al ser un criterio fundamental podría dar como resultado el incumplimiento de la norma . | M72: ¿Cuáles son las evidencias necesarias para comprobar existe el vuelto del productor? | N72: Realizar entrevistas con los productores con el objetivo de establecer si existe un pago por el diferencial. En caso de que señalan existe un vuelto, solicitar estados de cuento en los cuales se destine nuevamente los pagos al primer comprador.
B73: ='Matriz legal finca'!$A85 -> Diferencial para la sostenibilidad | C73: ='Matriz legal finca'!$B85 -> 3.2.4 | D73: ='Matriz legal finca'!$C85 -> Los titulares de certificado responsables, tienen convenios contractuales claros establecidos que especifican la cantidad y otros términos relacionados con el pago del Diferencial de Sostenibilidad. Consulte el Anexo S14 para obtener más detalles sobre la aplicabilidad. Por favor consulte el Anexo del Capítulo 3 SA-S-SD-20: Ingreso y responsabilidad compartida | E73: ='Matriz legal finca'!$D85 -> N/A | F73: Todos | G73: Todas las regiones | H73: Significante | I73: Posible | J73: Inexistencia de contrato entre el administrador del grupo y los miembros. Ruptura de la cadena de valor y perjuicio a los productores | K73: Algunas transacciones son informales en pequeños productores o se realizan únicamente dependiendo de la necesidad del mercado . El comprador podría no querer pagar ninguna diferenciación por el producto certificado. | L73: Al ser un criterio fundamental podría dar como resultado el incumplimiento de la norma . | M73: ¿Cómo identificar se pague un diferencial ? | N73: La normativa solicita un contrato. Este acuerdo debe cumplir con ciertas formalidades como estar firmado por las partes. Además deberá existir un diferencial en el precio del producto por lo cual deberá solicitarse los documentos como facturas, boletas o documentos tributarios de las ventas realizadas y el pago efectuado del comprador por el producto certificado en la cuenta del productor. Incluir entrevistas con la administración y operadores del grupo respecto al diferencial. Entrevistar al comprador y solicitar los pagos realizados por el producto certificado.
B74: ='Matriz legal finca'!$A86 -> Diferencial para la sostenibilidad | C74: ='Matriz legal finca'!$B86 -> 3.2.5 | D74: ='Matriz legal finca'!$C86 -> El monto completo del Diferencial de Sostenibilidad se paga por lo menos anualmente y a más tardar según lo que indican los términos de pago definidos para el cultivo correspondiente. Por favor consulte el Anexo del Capítulo 3 SA-S-SD-20: Ingreso y responsabilidad compartida | E74: ='Matriz legal finca'!$D86 -> N/A | F74: Todos | G74: Todas las regiones | H74: Significante | I74: Posible | J74: Inexistencia de un diferencial por el producto certificado | K74: Podría existir un acuerdo entre las partes que el diferencias se paga en un plazo mayor a 3 meses. Así mismo podría ser que el comprador no este dispuesto a pagar un diferencial por el producto certificado. Otra opción es que el diferencial no llegue al productor y este sea retenido por el exportador o comprador | L74: Al ser un criterio fundamental podría dar como resultado el incumplimiento de la norma . | M74: ¿Desde que fecha se contemplan los 3 meses? ¿Qué sucede en caso de que se haya acordado un plazo mayor? | N74: La fecha cuenta desde que en el sistema se haya cambiado el titular del certificado 3 meses. Estaría en un incumplimiento por lo cual hay que avisar al titular del certificado desde la decisión de cambio de esta limitación. Incluya la revisión de contratos comerciales, facturas por las compras del producto certificado, guías de despacho, guías de remisión, guías de transporte, pago en cuenta del diferencial en el precio del productor. Incluir entrevistas con el comprador, la administración y operadores del grupo respecto al diferencial.
B75: ='Matriz legal finca'!$A87 -> Diferencial para la sostenibilidad | C75: ='Matriz legal finca'!$B87 -> 3.2.6 | D75: ='Matriz legal finca'!$C87 -> La confirmación del pago del Diferencial de Sostenibilidad se registra en la plataforma de trazabilidad. Por favor consulte el Anexo del Capítulo 3 SA-S-SD-20: Ingreso y responsabilidad compartida | E75: ='Matriz legal finca'!$D87 -> N/A | F75: Todos | G75: Todas las regiones | H75: Significante | I75: Posible | J75: Inexistencia de un diferencial por el producto certificado y simulación de un pago inexistente o registro tardío en el sistema. | K75: Algunos productores podrían registrar un pago inexistente para mantener sus cupos de exportación | L75: Al ser un criterio fundamental podría dar como resultado el incumplimiento de la norma . | M75: ¿Cuántas subidas al sistema hay que revisar durante una auditoría ? | N75: Durante la visita deberá revisar un total de 4 registros sobre la comercialización realizada en el sistema de Rainforest Alliance. Incluya la revisión de contratos comerciales, balace de masa, facturas por las compras del producto certificado, guías de despacho, guías de remisión, guías de transporte, pago en cuenta del diferencial en el precio del productor. Con estos registro podrá constatar que el total de producción anual es igual a los registros realizados en el sistema de RA.
B76: ='Matriz legal finca'!$A88 -> Diferencial para la sostenibilidad | C76: ='Matriz legal finca'!$B88 -> 3.2.7 | D76: ='Matriz legal finca'!$C88 -> El Diferencial de Sostenibilidad pagado, suma por lo menos, el mínimo prescrito para cultivos para los que se define un mínimo. Por favor consulte el Anexo del Capítulo 3 SA-S-SD-20: Ingreso y responsabilidad compartida | E76: ='Matriz legal finca'!$D88 -> N/A | F76: Todos | G76: Todas las regiones | H76: Significante | I76: Posible | J76: Inexistencia de un diferencial por el producto certificado y simulación de un pago inexistente | K76: Podría existir un pago de manera documental y con registro en campo, pero un vuelto por parte del productor al comprador con el objetivo de mantener los cupos de exportación. | L76: Al ser un criterio fundamental podría dar como resultado el incumplimiento de la norma . | M76: ¿Cuáles son las evidencias necesarias para comprobar existe el vuelto del productor? | N76: Realizar entrevistas con los productores con el objetivo de establecer si existe un pago por el diferencial. En caso de que señalan existe un vuelto, solicitar estados de cuento en los cuales se destine nuevamente los pagos al primer comprador. Incluya la revisión de contratos comerciales, balance de masa, facturas por las compras del producto certificado, guías de despacho, guías de remisión, guías de transporte, pago en cuenta del diferencial en el precio del productor. Incluir entrevistas con el comprador, la administración y operadores del grupo respecto al diferencial.
B77: ='Matriz legal finca'!$A89 -> Inversiones para la Sostenibilidad | C77: ='Matriz legal finca'!$B89 -> 3.3.1 | D77: ='Matriz legal finca'!$C89 -> La gerencia define, por lo menos anualmente, las inversiones necesarias para mejorar la sostenibilidad, con el uso de la plantilla para el plan de las Inversiones en Sostenibilidad de Rainforest Alliance. La gerencia emplea las siguientes fuentes para informar sus necesidades de inversión: • El plan de manejo (incluidos los resultados de la Evaluación de la Capacidad de Manejo y la Evaluación de Riesgo) • Informes de auditoría • Inspecciones internas y autoevaluaciones La gerencia documenta las Inversiones en Sostenibilidad, en especie y monetarias recibidas de los compradores para su plan de inversión, de acuerdo con las categorías de inversión de Rainforest Alliance. Indicadores: • Las necesidades de inversión especificadas por categoría, en las categorías de inversión definidas por Rainforest Alliance • Las Inversiones en Sostenibilidad recibidas de los compradores • Distribución de las Inversiones en Sostenibilidad contra las categorías de inversión predeterminadas, como % del monto total recibido Por favor consulte el Anexo S16 RA-S-MT-17: Plantilla para el Plan de Inversiones en Sostenibilidad | E77: ='Matriz legal finca'!$D89 -> N/A | F77: Todos | G77: Todas las regiones | H77: Moderada | I77: Posible | J77: Carencia de un plan de inversiones en sostenibilidad | K77: Existen pequeños agricultores que podrían no realizar un plan de inversión o este podría estar incompleto. Las grandes distancias y ubicaciones remotas hacen que el apoyo técnico no llegue a todos los miembros del grupo. | L77: Al ser un criterio fundamental podría dar como resultado el incumplimiento de la norma. | M77: ¿Cuales son los puntos que un plan de inversión debe contener? | N77: Como parte del plan de inversión se debe considerar los costos por el cierre de no conformidades detectadas, personal para auto evaluaciones, capacitaciones, equipos de protección, entre otros necesarios para el cumplimiento normativo. En la auditoría incluya entrevista con trabajadores, observe las mejoras realizadas y solicite documentos que demuestren esto se esté cumpliendo. Incluya presupuestos, dotación de equipos de protección, capacitaciones, pago de asesores, entre otras. Solicite documentos como facturas, boletas y cotizaciones que podrían haberse generado. Observe que el plan tenga al menos: actividades, objetivos, metas, responsables, indicadores y fechas de cumplimiento.
B78: ='Matriz legal finca'!$A90 -> Inversiones para la Sostenibilidad | C78: ='Matriz legal finca'!$B90 -> 3.3.2 N1 | D78: ='Matriz legal finca'!$C90 -> La administración del grupo consulta anualmente con una representación de los miembros del grupo para definir en conjunto, el contenido del plan de inversión. La administración del grupo consulta anualmente con los compradores acerca de sus contribuciones al plan de inversión. | E78: ='Matriz legal finca'!$D90 -> N/A | F78: Todos | G78: Todas las regiones | H78: Moderada | I78: Posible | J78: Carencia de un plan de inversiones en sostenibilidad o ue este se desarrolle sin consultar a una representacion real de los productores | K78: Existen pequeños agricultores que podrían no realizar un plan de inversión o este podría estar incompleto. Las grandes distancias y ubicaciones remotas hacen que el apoyo técnico no llegue a todos los miembros del grupo. | L78: Es un criterio de mejora obligatoria. No incluir una muestra representativa de los productores en la elaboracion del plan de inversiones en sostenibilidad evita que estas tengan el alcance deseado. | M78: ¿como identificar que los productores se invlucran en la creacion y revisión del plan de inversiones en sostenibilidad? | N78: Revise minutas de reunión. Conduzca entrevistas con una muestra representativa de los poductores despues de conocer el plan de inversiones en sostenibilidad y pregunteles su opinion sobre actividades clave de incvesion y si se les cosultó a ellos o a algun representante.
